Workbook

Sheet Expedition Janvier
A1: Code Commanditaire | B1: Nom Commanditaire | C1: Nom Transporteur | D1: Nom Service | E1: Nb UM | F1: Poids Total Expedition | G1: Code Tiers | H1: Nom Tiers | I1: Adresse 1 Tiers | J1: Adresse 2 Tiers | K1: Adresse 3 Tiers | L1: Code Postal Tiers | M1: Nom Commune Tiers | N1: Tel Tiers | O1: Date Creation Expedition | P1: Date Remise Chauffeur | Q1: No UM (No Tracking Transporteur) | R1: Statut Expedition | S1: Anomalie transport | T1: retard transport | U1: Type Réclamation | V1: Traité par
A2: DLI | B2: EXADIS LESQUIN | C2: ILLICO DLI | D2: MESSAGERIE | E2: 1 | F2: .4440 | G2: 03350572F572 | H2: FLANDRES SERVICES AUTO -F572- | I2: MIDAS | J2: RUE JACQUEMINEMARS | L2: 59940 | M2: ESTAIRES | O2: 2018-01-02 07:55:17.000 | P2: 2018-01-02 11:40:29.357 | Q2: 454493 | R2: *5994099999920007500454493001300 | S2: RAC | T2: =IFERROR(AND(MATCH(R2,'Anomalies C'!C:C,0),MATCH(R2,'Anomalies T'!C:C,0)),"")
A3: DLI | B3: EXADIS LESQUIN | C3: ILLICO DLI | D3: MESSAGERIE | E3: 2 | F3: 1.0630 | G3: 03350989F487 | H3: MOBICAR'S | I3: MIDAS | J3: 2 RUE DE LILLE | L3: 59480 | M3: LA BASSEE | O3: 2018-01-02 07:56:45.000 | P3: 2018-01-02 11:40:29.357 | Q3: 454494 | R3: *5948099999920007500454494001300 | S3: RAC | T3: =IFERROR(AND(MATCH(R3,'Anomalies C'!C:C,0),MATCH(R3,'Anomalies T'!C:C,0)),"")
A4: DLI | B4: EXADIS LESQUIN | C4: ILLICO DLI | D4: MESSAGERIE | E4: 2 | F4: 1.0630 | G4: 03350989F487 | H4: MOBICAR'S | I4: MIDAS | J4: 2 RUE DE LILLE | L4: 59480 | M4: LA BASSEE | O4: 2018-01-02 07:56:45.000 | P4: 2018-01-02 11:40:29.357 | Q4: 454494 | R4: *5948099999920007500454494002300 | S4: RAC | T4: =IFERROR(AND(MATCH(R4,'Anomalies C'!C:C,0),MATCH(R4,'Anomalies T'!C:C,0)),"")
A5: DLI | B5: EXADIS LESQUIN | C5: ILLICO DLI | D5: MESSAGERIE | E5: 2 | F5: .1840 | G5: 03350123F123 | H5: MIDAS -F123- | I5: WEPPE DOUAI CENTRE AUTO | J5: ZAC DU LUC | L5: 59187 | M5: DECHY | O5: 2018-01-02 07:57:35.000 | P5: 2018-01-02 11:40:29.357 | Q5: 454495 | R5: *5918799999920007500454495001300 | S5: RAC | T5: =IFERROR(AND(MATCH(R5,'Anomalies C'!C:C,0),MATCH(R5,'Anomalies T'!C:C,0)),"")
A6: DLI | B6: EXADIS LESQUIN | C6: ILLICO DLI | D6: MESSAGERIE | E6: 2 | F6: .1840 | G6: 03350123F123 | H6: MIDAS -F123- | I6: WEPPE DOUAI CENTRE AUTO | J6: ZAC DU LUC | L6: 59187 | M6: DECHY | O6: 2018-01-02 07:57:35.000 | P6: 2018-01-02 11:40:29.357 | Q6: 454495 | R6: *5918799999920007500454495002300 | S6: RAC | T6: =IFERROR(AND(MATCH(R6,'Anomalies C'!C:C,0),MATCH(R6,'Anomalies T'!C:C,0)),"")
A7: DSP | B7: EXADIS ST PRIEST | C7: WARNING SA | D7: WARNING | E7: 2 | F7: 3.2880 | G7: 03863134000001 | H7: TG DIFFUSION | I7: 18 AVENUE DE L INDUSTRIE | L7: 69960 | M7: CORBAS | O7: 2018-01-02 08:00:19.000 | P7: 2018-01-02 11:34:02.880 | Q7: 454496 | R7: 00149737045-1 | S7: RAC | T7: =IFERROR(AND(MATCH(R7,'Anomalies C'!C:C,0),MATCH(R7,'Anomalies T'!C:C,0)),"")
A8: DSP | B8: EXADIS ST PRIEST | C8: WARNING SA | D8: WARNING | E8: 2 | F8: 3.2880 | G8: 03863134000001 | H8: TG DIFFUSION | I8: 18 AVENUE DE L INDUSTRIE | L8: 69960 | M8: CORBAS | O8: 2018-01-02 08:00:19.000 | P8: 2018-01-02 11:34:02.880 | Q8: 454496 | R8: 00149739748-1 | S8: RAC | T8: =IFERROR(AND(MATCH(R8,'Anomalies C'!C:C,0),MATCH(R8,'Anomalies T'!C:C,0)),"")
A9: DSP | B9: EXADIS ST PRIEST | C9: TNT NATIONAL | D9: EXPRESS | E9: 2 | F9: 2.1320 | G9: 03428205STOCK | H9: ROADY - 01096 - | I9: CHADRAUTO | J9: AVENUE DES CHAMPS ELYSEES | L9: 43770 | M9: CHADRAC | O9: 2018-01-02 08:01:56.000 | P9: 2018-01-02 21:16:08.927 | Q9: 454497 | R9: 8046392325097167 | S9: OK-DELIVERED | T9: =IFERROR(AND(MATCH(R9,'Anomalies C'!C:C,0),MATCH(R9,'Anomalies T'!C:C,0)),"") -> TRUE
A10: DSP | B10: EXADIS ST PRIEST | C10: TNT NATIONAL | D10: EXPRESS | E10: 2 | F10: 2.1320 | G10: 03428205STOCK | H10: ROADY - 01096 - | I10: CHADRAUTO | J10: AVENUE DES CHAMPS ELYSEES | L10: 43770 | M10: CHADRAC | O10: 2018-01-02 08:01:56.000 | P10: 2018-01-02 21:16:08.927 | Q10: 454497 | R10: 4346393064149370 | S10: OK-DELIVERED | T10: =IFERROR(AND(MATCH(R10,'Anomalies C'!C:C,0),MATCH(R10,'Anomalies T'!C:C,0)),"")
A11: DSP | B11: EXADIS ST PRIEST | C11: TNT NATIONAL | D11: EXPRESS | E11: 1 | F11: 1.4740 | G11: 03869504000001 | H11: FIRST STOP | I11: ARDECHE PNEUS SERVICES | J11: 732 RUE DE LA REPUBLIQUE | L11: 07430 | M11: DAVEZIEUX | O11: 2018-01-02 08:03:47.000 | P11: 2018-01-02 21:16:08.927 | Q11: 454498 | R11: 0746393064148302 | S11: OK-DELIVERED | T11: =IFERROR(AND(MATCH(R11,'Anomalies C'!C:C,0),MATCH(R11,'Anomalies T'!C:C,0)),"")
A12: DLI | B12: EXADIS LESQUIN | C12: ILLICO DLI | D12: MESSAGERIE | E12: 4 | F12: 17.7590 | G12: 03350486F486 | H12: MIDAS - ZA DE L EPINETTE | I12: SOMECAR | J12: 205 RUE DE L INDUSTRIE | L12: 59113 | M12: SECLIN | O12: 2018-01-02 08:03:52.000 | P12: 2018-01-02 11:40:29.357 | Q12: 454499 | R12: *5911399999920007500454499001300 | S12: RAC | T12: =IFERROR(AND(MATCH(R12,'Anomalies C'!C:C,0),MATCH(R12,'Anomalies T'!C:C,0)),"")
A13: DLI | B13: EXADIS LESQUIN | C13: ILLICO DLI | D13: MESSAGERIE | E13: 4 | F13: 17.7590 | G13: 03350486F486 | H13: MIDAS - ZA DE L EPINETTE | I13: SOMECAR | J13: 205 RUE DE L INDUSTRIE | L13: 59113 | M13: SECLIN | O13: 2018-01-02 08:03:52.000 | P13: 2018-01-02 11:40:29.357 | Q13: 454499 | R13: *5911399999920007500454499002300 | S13: RAC | T13: =IFERROR(AND(MATCH(R13,'Anomalies C'!C:C,0),MATCH(R13,'Anomalies T'!C:C,0)),"")
A14: DLI | B14: EXADIS LESQUIN | C14: ILLICO DLI | D14: MESSAGERIE | E14: 4 | F14: 17.7590 | G14: 03350486F486 | H14: MIDAS - ZA DE L EPINETTE | I14: SOMECAR | J14: 205 RUE DE L INDUSTRIE | L14: 59113 | M14: SECLIN | O14: 2018-01-02 08:03:52.000 | P14: 2018-01-02 11:40:29.357 | Q14: 454499 | R14: *5911399999920007500454499003300 | S14: RAC | T14: =IFERROR(AND(MATCH(R14,'Anomalies C'!C:C,0),MATCH(R14,'Anomalies T'!C:C,0)),"")
A15: DLI | B15: EXADIS LESQUIN | C15: ILLICO DLI | D15: MESSAGERIE | E15: 4 | F15: 17.7590 | G15: 03350486F486 | H15: MIDAS - ZA DE L EPINETTE | I15: SOMECAR | J15: 205 RUE DE L INDUSTRIE | L15: 59113 | M15: SECLIN | O15: 2018-01-02 08:03:52.000 | P15: 2018-01-02 11:40:29.357 | Q15: 454499 | R15: *5911399999920007500454499004300 | S15: RAC | T15: =IFERROR(AND(MATCH(R15,'Anomalies C'!C:C,0),MATCH(R15,'Anomalies T'!C:C,0)),"")
A16: DLI | B16: EXADIS LESQUIN | C16: ILLICO DLI | D16: MESSAGERIE | E16: 1 | F16: 18.4100 | G16: 03422149217 | H16: MIDAS VALENCIENNES | I16: 2 AVENUE DU SERGENT CAIRNS | L16: 59300 | M16: VALENCIENNES | O16: 2018-01-02 08:05:11.000 | P16: 2018-01-02 11:40:29.357 | Q16: 454500 | R16: *5930099999920007500454500001300 | S16: RAC | T16: =IFERROR(AND(MATCH(R16,'Anomalies C'!C:C,0),MATCH(R16,'Anomalies T'!C:C,0)),"")
A17: DSP | B17: EXADIS ST PRIEST | C17: TNT NATIONAL | D17: EXPRESS | E17: 5 | F17: 17.3760 | G17: 0342713235 | H17: AYME PNEUS MONTELIMAR 35 | I17: 18 AVENUE DE GOURNIER - ZI SUD | L17: 26200 | M17: MONTELIMAR | O17: 2018-01-02 08:06:00.000 | P17: 2018-01-02 21:16:08.927 | Q17: 454501 | R17: 2646393064148312 | S17: DN-NC-DELIV | T17: =IFERROR(AND(MATCH(R17,'Anomalies C'!C:C,0),MATCH(R17,'Anomalies T'!C:C,0)),"")
A18: DSP | B18: EXADIS ST PRIEST | C18: TNT NATIONAL | D18: EXPRESS | E18: 5 | F18: 17.3760 | G18: 0342713235 | H18: AYME PNEUS MONTELIMAR 35 | I18: 18 AVENUE DE GOURNIER - ZI SUD | L18: 26200 | M18: MONTELIMAR | O18: 2018-01-02 08:06:00.000 | P18: 2018-01-02 21:16:08.927 | Q18: 454501 | R18: 2646393064153239 | S18: DN-NC-DELIV | T18: =IFERROR(AND(MATCH(R18,'Anomalies C'!C:C,0),MATCH(R18,'Anomalies T'!C:C,0)),"")
A19: DSP | B19: EXADIS ST PRIEST | C19: TNT NATIONAL | D19: EXPRESS | E19: 5 | F19: 17.3760 | G19: 0342713235 | H19: AYME PNEUS MONTELIMAR 35 | I19: 18 AVENUE DE GOURNIER - ZI SUD | L19: 26200 | M19: MONTELIMAR | O19: 2018-01-02 08:06:00.000 | P19: 2018-01-02 21:16:08.927 | Q19: 454501 | R19: 2646393064153245 | S19: DN-NC-DELIV | T19: =IFERROR(AND(MATCH(R19,'Anomalies C'!C:C,0),MATCH(R19,'Anomalies T'!C:C,0)),"")
A20: DSP | B20: EXADIS ST PRIEST | C20: TNT NATIONAL | D20: EXPRESS | E20: 5 | F20: 17.3760 | G20: 0342713235 | H20: AYME PNEUS MONTELIMAR 35 | I20: 18 AVENUE DE GOURNIER - ZI SUD | L20: 26200 | M20: MONTELIMAR | O20: 2018-01-02 08:06:00.000 | P20: 2018-01-02 21:16:08.927 | Q20: 454501 | R20: 2646393064153251 | S20: DN-NC-DELIV | T20: =IFERROR(AND(MATCH(R20,'Anomalies C'!C:C,0),MATCH(R20,'Anomalies T'!C:C,0)),"")
A21: DSP | B21: EXADIS ST PRIEST | C21: TNT NATIONAL | D21: EXPRESS | E21: 5 | F21: 17.3760 | G21: 0342713235 | H21: AYME PNEUS MONTELIMAR 35 | I21: 18 AVENUE DE GOURNIER - ZI SUD | L21: 26200 | M21: MONTELIMAR | O21: 2018-01-02 08:06:00.000 | P21: 2018-01-02 21:16:08.927 | Q21: 454501 | R21: 2646393064153268 | S21: DN-NC-DELIV | T21: =IFERROR(AND(MATCH(R21,'Anomalies C'!C:C,0),MATCH(R21,'Anomalies T'!C:C,0)),"")
A22: DLI | B22: EXADIS LESQUIN | C22: FRANCE EXPRESS DLI | D22: CXI | E22: 4 | F22: 25.3240 | G22: 03350502F502 | H22: MIDAS -F502- | I22: LOISINORD AUTO | J22: ZI LOISINORD-146 BIS RUE LEON BLUM | L22: 62290 | M22: NOEUX LES MINES | O22: 2018-01-02 08:07:05.000 | P22: 2018-01-02 11:08:28.563 | Q22: 454502 | R22: 12040593253000027004545020011623 | S22: OK-DELIVERED | T22: =IFERROR(AND(MATCH(R22,'Anomalies C'!C:C,0),MATCH(R22,'Anomalies T'!C:C,0)),"")
A23: DLI | B23: EXADIS LESQUIN | C23: FRANCE EXPRESS DLI | D23: CXI | E23: 4 | F23: 25.3240 | G23: 03350502F502 | H23: MIDAS -F502- | I23: LOISINORD AUTO | J23: ZI LOISINORD-146 BIS RUE LEON BLUM | L23: 62290 | M23: NOEUX LES MINES | O23: 2018-01-02 08:07:05.000 | P23: 2018-01-02 11:08:28.563 | Q23: 454502 | R23: 12040593253000027004545020021622 | S23: OK-DELIVERED | T23: =IFERROR(AND(MATCH(R23,'Anomalies C'!C:C,0),MATCH(R23,'Anomalies T'!C:C,0)),"")
A24: DLI | B24: EXADIS LESQUIN | C24: FRANCE EXPRESS DLI | D24: CXI | E24: 4 | F24: 25.3240 | G24: 03350502F502 | H24: MIDAS -F502- | I24: LOISINORD AUTO | J24: ZI LOISINORD-146 BIS RUE LEON BLUM | L24: 62290 | M24: NOEUX LES MINES | O24: 2018-01-02 08:07:05.000 | P24: 2018-01-02 11:08:28.563 | Q24: 454502 | R24: 12040593253000027004545020031621 | S24: OK-DELIVERED | T24: =IFERROR(AND(MATCH(R24,'Anomalies C'!C:C,0),MATCH(R24,'Anomalies T'!C:C,0)),"")
A25: DLI | B25: EXADIS LESQUIN | C25: FRANCE EXPRESS DLI | D25: CXI | E25: 4 | F25: 25.3240 | G25: 03350502F502 | H25: MIDAS -F502- | I25: LOISINORD AUTO | J25: ZI LOISINORD-146 BIS RUE LEON BLUM | L25: 62290 | M25: NOEUX LES MINES | O25: 2018-01-02 08:07:05.000 | P25: 2018-01-02 11:08:28.563 | Q25: 454502 | R25: 12040593253000027004545020041620 | S25: OK-DELIVERED | T25: =IFERROR(AND(MATCH(R25,'Anomalies C'!C:C,0),MATCH(R25,'Anomalies T'!C:C,0)),"")
A26: DSP | B26: EXADIS ST PRIEST | C26: FRANCE EXPRESS | D26: CXI | E26: 1 | F26: 1.9120 | G26: 03350542F542 | H26: MIDAS - F542 - | I26: AXENT LES ARAVIS | J26: ROUTE D'ANNECY | L26: 74230 | M26: THONES | O26: 2018-01-02 08:07:33.000 | P26: 2018-01-02 09:57:09.660 | Q26: 454503 | R26: 12040692338800027100019060011749 | S26: OK-DELIVERED | T26: =IFERROR(AND(MATCH(R26,'Anomalies C'!C:C,0),MATCH(R26,'Anomalies T'!C:C,0)),"")
A27: DSPOA | B27: ORIGIN AUTO ST PRIEST | C27: TNT NATIONAL DSP AM | D27: EXPRESS J | E27: 1 | F27: .1060 | G27: 03875882000761 | H27: SARL SMVO-PRIOULT | I27: RUE DU PRESIDENT JOHN KENNEDY LE DO | L27: 50720 | M27: BARENTON | O27: 2018-01-02 08:08:51.000 | P27: 2018-01-04 14:58:56.957 | Q27: 454504 | R27: 5046393135001909 | S27: RAC | T27: =IFERROR(AND(MATCH(R27,'Anomalies C'!C:C,0),MATCH(R27,'Anomalies T'!C:C,0)),"")
A28: DSP | B28: EXADIS ST PRIEST | C28: TNT NATIONAL | D28: EXPRESS | E28: 1 | F28: 6.8070 | G28: 03422149385 | H28: MIDAS GRENOBLE GRAND PLACE | I28: 53 GRAN PLACE | L28: 38000 | M28: GRENOBLE | O28: 2018-01-02 08:09:43.000 | P28: 2018-01-02 21:16:08.927 | Q28: 454505 | R28: 3846393064148329 | S28: OK-DELIVERED | T28: =IFERROR(AND(MATCH(R28,'Anomalies C'!C:C,0),MATCH(R28,'Anomalies T'!C:C,0)),"")
A29: DGN | B29: EXADIS GENNEVILLIERS | C29: AMEX GEM DGN | D29: STANDARD | E29: 2 | F29: 15.7290 | G29: 03422149286 | H29: MIDAS CHAMBOURCY | I29: 7 RUE DU MUR DU PARC | L29: 78240 | M29: CHAMBOURCY | O29: 2018-01-02 08:11:19.000 | P29: 2018-01-02 09:43:17.747 | Q29: 454506 | R29: *7824099999912346500059998001300 | S29: RAC | T29: =IFERROR(AND(MATCH(R29,'Anomalies C'!C:C,0),MATCH(R29,'Anomalies T'!C:C,0)),"")
A30: DGN | B30: EXADIS GENNEVILLIERS | C30: AMEX GEM DGN | D30: STANDARD | E30: 2 | F30: 15.7290 | G30: 03422149286 | H30: MIDAS CHAMBOURCY | I30: 7 RUE DU MUR DU PARC | L30: 78240 | M30: CHAMBOURCY | O30: 2018-01-02 08:11:19.000 | P30: 2018-01-02 09:43:17.747 | Q30: 454506 | R30: *7824099999912346500059998002300 | S30: RAC | T30: =IFERROR(AND(MATCH(R30,'Anomalies C'!C:C,0),MATCH(R30,'Anomalies T'!C:C,0)),"")
A31: DSP | B31: EXADIS ST PRIEST | C31: TNT NATIONAL | D31: EXPRESS | E31: 5 | F31: 18.2660 | G31: 03879867000001 | H31: SYTING | I31: ROADY -07896- | J31: 66 AVENUE GEORGES CLEMENCEAU | L31: 69230 | M31: ST GENIS LAVAL | O31: 2018-01-02 08:12:03.000 | P31: 2018-01-02 21:16:08.927 | Q31: 454508 | R31: 6946393064148339 | S31: DN-NC-DELIV | T31: =IFERROR(AND(MATCH(R31,'Anomalies C'!C:C,0),MATCH(R31,'Anomalies T'!C:C,0)),"")
A32: DSP | B32: EXADIS ST PRIEST | C32: TNT NATIONAL | D32: EXPRESS | E32: 5 | F32: 18.2660 | G32: 03879867000001 | H32: SYTING | I32: ROADY -07896- | J32: 66 AVENUE GEORGES CLEMENCEAU | L32: 69230 | M32: ST GENIS LAVAL | O32: 2018-01-02 08:12:03.000 | P32: 2018-01-02 21:16:08.927 | Q32: 454508 | R32: 6946393064149161 | S32: DN-NC-DELIV | T32: =IFERROR(AND(MATCH(R32,'Anomalies C'!C:C,0),MATCH(R32,'Anomalies T'!C:C,0)),"")
A33: DSP | B33: EXADIS ST PRIEST | C33: TNT NATIONAL | D33: EXPRESS | E33: 5 | F33: 18.2660 | G33: 03879867000001 | H33: SYTING | I33: ROADY -07896- | J33: 66 AVENUE GEORGES CLEMENCEAU | L33: 69230 | M33: ST GENIS LAVAL | O33: 2018-01-02 08:12:03.000 | P33: 2018-01-02 21:16:08.927 | Q33: 454508 | R33: 6946393064149178 | S33: DN-NC-DELIV | T33: =IFERROR(AND(MATCH(R33,'Anomalies C'!C:C,0),MATCH(R33,'Anomalies T'!C:C,0)),"")
A34: DSP | B34: EXADIS ST PRIEST | C34: TNT NATIONAL | D34: EXPRESS | E34: 5 | F34: 18.2660 | G34: 03879867000001 | H34: SYTING | I34: ROADY -07896- | J34: 66 AVENUE GEORGES CLEMENCEAU | L34: 69230 | M34: ST GENIS LAVAL | O34: 2018-01-02 08:12:03.000 | P34: 2018-01-02 21:16:08.927 | Q34: 454508 | R34: 6946393064149184 | S34: DN-NC-DELIV | T34: =IFERROR(AND(MATCH(R34,'Anomalies C'!C:C,0),MATCH(R34,'Anomalies T'!C:C,0)),"")
A35: DSP | B35: EXADIS ST PRIEST | C35: TNT NATIONAL | D35: EXPRESS | E35: 5 | F35: 18.2660 | G35: 03879867000001 | H35: SYTING | I35: ROADY -07896- | J35: 66 AVENUE GEORGES CLEMENCEAU | L35: 69230 | M35: ST GENIS LAVAL | O35: 2018-01-02 08:12:03.000 | P35: 2018-01-02 21:16:08.927 | Q35: 454508 | R35: 6946393064149300 | S35: DN-NC-DELIV | T35: =IFERROR(AND(MATCH(R35,'Anomalies C'!C:C,0),MATCH(R35,'Anomalies T'!C:C,0)),"")
A36: DGN | B36: EXADIS GENNEVILLIERS | C36: AMEX GEM DGN | D36: STANDARD | E36: 3 | F36: 15.7700 | G36: 03350587F587 | H36: DIAB - F587 - | I36: MIDAS | J36: STATION ESSO SERVICE | K36: 27-29 BOULEVARD CLEMENCEAU | L36: 95240 | M36: CORMEILLES EN PARISIS | O36: 2018-01-02 08:13:36.000 | P36: 2018-01-02 09:43:17.747 | Q36: 454509 | R36: *9524099999912346500059999001300 | S36: RAC | T36: =IFERROR(AND(MATCH(R36,'Anomalies C'!C:C,0),MATCH(R36,'Anomalies T'!C:C,0)),"")
A37: DGN | B37: EXADIS GENNEVILLIERS | C37: AMEX GEM DGN | D37: STANDARD | E37: 3 | F37: 15.7700 | G37: 03350587F587 | H37: DIAB - F587 - | I37: MIDAS | J37: STATION ESSO SERVICE | K37: 27-29 BOULEVARD CLEMENCEAU | L37: 95240 | M37: CORMEILLES EN PARISIS | O37: 2018-01-02 08:13:36.000 | P37: 2018-01-02 09:43:17.747 | Q37: 454509 | R37: *9524099999912346500059999002300 | S37: RAC | T37: =IFERROR(AND(MATCH(R37,'Anomalies C'!C:C,0),MATCH(R37,'Anomalies T'!C:C,0)),"")
A38: DGN | B38: EXADIS GENNEVILLIERS | C38: AMEX GEM DGN | D38: STANDARD | E38: 3 | F38: 15.7700 | G38: 03350587F587 | H38: DIAB - F587 - | I38: MIDAS | J38: STATION ESSO SERVICE | K38: 27-29 BOULEVARD CLEMENCEAU | L38: 95240 | M38: CORMEILLES EN PARISIS | O38: 2018-01-02 08:13:36.000 | P38: 2018-01-02 09:43:17.747 | Q38: 454509 | R38: *9524099999912346500059999003300 | S38: RAC | T38: =IFERROR(AND(MATCH(R38,'Anomalies C'!C:C,0),MATCH(R38,'Anomalies T'!C:C,0)),"")
A39: DSP | B39: EXADIS ST PRIEST | C39: TNT NATIONAL | D39: EXPRESS | E39: 7 | F39: 21.3270 | G39: 03856272013464 | H39: SORECA AUTOMOBILES - LONS | I39: LONS - GROUPE DEFFEUILLE | J39: 47 AVENUE CAMILLE PROST | L39: 39000 | M39: LONS LE SAUNIER | O39: 2018-01-02 08:14:53.000 | P39: 2018-01-02 21:16:08.927 | Q39: 454510 | R39: 3946393064148349 | S39: DN-NC-DELIV | T39: =IFERROR(AND(MATCH(R39,'Anomalies C'!C:C,0),MATCH(R39,'Anomalies T'!C:C,0)),"")
A40: DSP | B40: EXADIS ST PRIEST | C40: TNT NATIONAL | D40: EXPRESS | E40: 7 | F40: 21.3270 | G40: 03856272013464 | H40: SORECA AUTOMOBILES - LONS | I40: LONS - GROUPE DEFFEUILLE | J40: 47 AVENUE CAMILLE PROST | L40: 39000 | M40: LONS LE SAUNIER | O40: 2018-01-02 08:14:53.000 | P40: 2018-01-02 21:16:08.927 | Q40: 454510 | R40: 3946393064150196 | S40: DN-NC-DELIV | T40: =IFERROR(AND(MATCH(R40,'Anomalies C'!C:C,0),MATCH(R40,'Anomalies T'!C:C,0)),"")
A41: DSP | B41: EXADIS ST PRIEST | C41: TNT NATIONAL | D41: EXPRESS | E41: 7 | F41: 21.3270 | G41: 03856272013464 | H41: SORECA AUTOMOBILES - LONS | I41: LONS - GROUPE DEFFEUILLE | J41: 47 AVENUE CAMILLE PROST | L41: 39000 | M41: LONS LE SAUNIER | O41: 2018-01-02 08:14:53.000 | P41: 2018-01-02 21:16:08.927 | Q41: 454510 | R41: 3946393064150478 | S41: DN-NC-DELIV | T41: =IFERROR(AND(MATCH(R41,'Anomalies C'!C:C,0),MATCH(R41,'Anomalies T'!C:C,0)),"")
A42: DSP | B42: EXADIS ST PRIEST | C42: TNT NATIONAL | D42: EXPRESS | E42: 7 | F42: 21.3270 | G42: 03856272013464 | H42: SORECA AUTOMOBILES - LONS | I42: LONS - GROUPE DEFFEUILLE | J42: 47 AVENUE CAMILLE PROST | L42: 39000 | M42: LONS LE SAUNIER | O42: 2018-01-02 08:14:53.000 | P42: 2018-01-02 21:16:08.927 | Q42: 454510 | R42: 3946393064151138 | S42: DN-NC-DELIV | T42: =IFERROR(AND(MATCH(R42,'Anomalies C'!C:C,0),MATCH(R42,'Anomalies T'!C:C,0)),"")
A43: DSP | B43: EXADIS ST PRIEST | C43: TNT NATIONAL | D43: EXPRESS | E43: 7 | F43: 21.3270 | G43: 03856272013464 | H43: SORECA AUTOMOBILES - LONS | I43: LONS - GROUPE DEFFEUILLE | J43: 47 AVENUE CAMILLE PROST | L43: 39000 | M43: LONS LE SAUNIER | O43: 2018-01-02 08:14:53.000 | P43: 2018-01-02 21:16:08.927 | Q43: 454510 | R43: 3946393064151155 | S43: DN-NC-DELIV | T43: =IFERROR(AND(MATCH(R43,'Anomalies C'!C:C,0),MATCH(R43,'Anomalies T'!C:C,0)),"")
A44: DSP | B44: EXADIS ST PRIEST | C44: TNT NATIONAL | D44: EXPRESS | E44: 7 | F44: 21.3270 | G44: 03856272013464 | H44: SORECA AUTOMOBILES - LONS | I44: LONS - GROUPE DEFFEUILLE | J44: 47 AVENUE CAMILLE PROST | L44: 39000 | M44: LONS LE SAUNIER | O44: 2018-01-02 08:14:53.000 | P44: 2018-01-02 21:16:08.927 | Q44: 454510 | R44: 3946393064151207 | S44: DN-NC-DELIV | T44: =IFERROR(AND(MATCH(R44,'Anomalies C'!C:C,0),MATCH(R44,'Anomalies T'!C:C,0)),"")
A45: DSP | B45: EXADIS ST PRIEST | C45: TNT NATIONAL | D45: EXPRESS | E45: 7 | F45: 21.3270 | G45: 03856272013464 | H45: SORECA AUTOMOBILES - LONS | I45: LONS - GROUPE DEFFEUILLE | J45: 47 AVENUE CAMILLE PROST | L45: 39000 | M45: LONS LE SAUNIER | O45: 2018-01-02 08:14:53.000 | P45: 2018-01-02 21:16:08.927 | Q45: 454510 | R45: 3946393064151213 | S45: DN-NC-DELIV | T45: =IFERROR(AND(MATCH(R45,'Anomalies C'!C:C,0),MATCH(R45,'Anomalies T'!C:C,0)),"")
A46: DSP | B46: EXADIS ST PRIEST | C46: TNT NATIONAL | D46: EXPRESS | E46: 1 | F46: .9700 | G46: 0342713283 | H46: AYME PNEUS BEAUNE 83 | I46: 148 ROUTE DE DIJON | L46: 21200 | M46: BEAUNE | O46: 2018-01-02 08:15:57.000 | P46: 2018-01-02 21:16:08.927 | Q46: 0040780311 | R46: 2146393064148351 | S46: OK-DELIVERED | T46: =IFERROR(AND(MATCH(R46,'Anomalies C'!C:C,0),MATCH(R46,'Anomalies T'!C:C,0)),"")
A47: DLI | B47: EXADIS LESQUIN | C47: ILLICO DLI | D47: MESSAGERIE | E47: 5 | F47: 16.7790 | G47: 03350136F136 | H47: MIDAS -F136- | I47: WEPPE SERVICES AUTOMOBILES | J47: 75 RUE RENE LANOY | L47: 62300 | M47: LENS | O47: 2018-01-02 08:16:37.000 | P47: 2018-01-02 11:40:29.357 | Q47: 454512 | R47: *6230099999920007500454512001300 | S47: RAC | T47: =IFERROR(AND(MATCH(R47,'Anomalies C'!C:C,0),MATCH(R47,'Anomalies T'!C:C,0)),"")
A48: DLI | B48: EXADIS LESQUIN | C48: ILLICO DLI | D48: MESSAGERIE | E48: 5 | F48: 16.7790 | G48: 03350136F136 | H48: MIDAS -F136- | I48: WEPPE SERVICES AUTOMOBILES | J48: 75 RUE RENE LANOY | L48: 62300 | M48: LENS | O48: 2018-01-02 08:16:37.000 | P48: 2018-01-02 11:40:29.357 | Q48: 454512 | R48: *6230099999920007500454512002300 | S48: RAC | T48: =IFERROR(AND(MATCH(R48,'Anomalies C'!C:C,0),MATCH(R48,'Anomalies T'!C:C,0)),"")
A49: DLI | B49: EXADIS LESQUIN | C49: ILLICO DLI | D49: MESSAGERIE | E49: 5 | F49: 16.7790 | G49: 03350136F136 | H49: MIDAS -F136- | I49: WEPPE SERVICES AUTOMOBILES | J49: 75 RUE RENE LANOY | L49: 62300 | M49: LENS | O49: 2018-01-02 08:16:37.000 | P49: 2018-01-02 11:40:29.357 | Q49: 454512 | R49: *6230099999920007500454512003300 | S49: RAC | T49: =IFERROR(AND(MATCH(R49,'Anomalies C'!C:C,0),MATCH(R49,'Anomalies T'!C:C,0)),"")
A50: DLI | B50: EXADIS LESQUIN | C50: ILLICO DLI | D50: MESSAGERIE | E50: 5 | F50: 16.7790 | G50: 03350136F136 | H50: MIDAS -F136- | I50: WEPPE SERVICES AUTOMOBILES | J50: 75 RUE RENE LANOY | L50: 62300 | M50: LENS | O50: 2018-01-02 08:16:37.000 | P50: 2018-01-02 11:40:29.357 | Q50: 454512 | R50: *6230099999920007500454512004300 | S50: RAC | T50: =IFERROR(AND(MATCH(R50,'Anomalies C'!C:C,0),MATCH(R50,'Anomalies T'!C:C,0)),"")
A51: DLI | B51: EXADIS LESQUIN | C51: ILLICO DLI | D51: MESSAGERIE | E51: 5 | F51: 16.7790 | G51: 03350136F136 | H51: MIDAS -F136- | I51: WEPPE SERVICES AUTOMOBILES | J51: 75 RUE RENE LANOY | L51: 62300 | M51: LENS | O51: 2018-01-02 08:16:37.000 | P51: 2018-01-02 11:40:29.357 | Q51: 454512 | R51: *6230099999920007500454512005300 | S51: RAC | T51: =IFERROR(AND(MATCH(R51,'Anomalies C'!C:C,0),MATCH(R51,'Anomalies T'!C:C,0)),"")
A52: DGN | B52: EXADIS GENNEVILLIERS | C52: AMEX GEM DGN | D52: STANDARD | E52: 4 | F52: 12.5850 | G52: 03350996F454 | H52: MIDAS F454 | I52: 5 BIS RUE DU GRAND MORIN | L52: 77120 | M52: COULOMMIERS | N52: 0164208000 | O52: 2018-01-02 08:16:44.000 | P52: 2018-01-02 09:43:17.747 | Q52: 454513 | R52: *7712099999912346500060023001300 | S52: RAC | T52: =IFERROR(AND(MATCH(R52,'Anomalies C'!C:C,0),MATCH(R52,'Anomalies T'!C:C,0)),"")
A53: DGN | B53: EXADIS GENNEVILLIERS | C53: AMEX GEM DGN | D53: STANDARD | E53: 4 | F53: 12.5850 | G53: 03350996F454 | H53: MIDAS F454 | I53: 5 BIS RUE DU GRAND MORIN | L53: 77120 | M53: COULOMMIERS | N53: 0164208000 | O53: 2018-01-02 08:16:44.000 | P53: 2018-01-02 09:43:17.747 | Q53: 454513 | R53: *7712099999912346500060023002300 | S53: RAC | T53: =IFERROR(AND(MATCH(R53,'Anomalies C'!C:C,0),MATCH(R53,'Anomalies T'!C:C,0)),"")
A54: DGN | B54: EXADIS GENNEVILLIERS | C54: AMEX GEM DGN | D54: STANDARD | E54: 4 | F54: 12.5850 | G54: 03350996F454 | H54: MIDAS F454 | I54: 5 BIS RUE DU GRAND MORIN | L54: 77120 | M54: COULOMMIERS | N54: 0164208000 | O54: 2018-01-02 08:16:44.000 | P54: 2018-01-02 09:43:17.747 | Q54: 454513 | R54: *7712099999912346500060023003300 | S54: RAC | T54: =IFERROR(AND(MATCH(R54,'Anomalies C'!C:C,0),MATCH(R54,'Anomalies T'!C:C,0)),"")
A55: DGN | B55: EXADIS GENNEVILLIERS | C55: AMEX GEM DGN | D55: STANDARD | E55: 4 | F55: 12.5850 | G55: 03350996F454 | H55: MIDAS F454 | I55: 5 BIS RUE DU GRAND MORIN | L55: 77120 | M55: COULOMMIERS | N55: 0164208000 | O55: 2018-01-02 08:16:44.000 | P55: 2018-01-02 09:43:17.747 | Q55: 454513 | R55: *7712099999912346500060023004300 | S55: RAC | T55: =IFERROR(AND(MATCH(R55,'Anomalies C'!C:C,0),MATCH(R55,'Anomalies T'!C:C,0)),"")
A56: DLI | B56: EXADIS LESQUIN | C56: ILLICO DLI | D56: MESSAGERIE | E56: 3 | F56: 5.6380 | G56: 03350575F575 | H56: MIDAS- F575 - | I56: 372 AV MARECHAL LATTRE DE TASSIGNY | L56: 59350 | M56: ST ANDRE LEZ LILLE | O56: 2018-01-02 08:16:52.000 | P56: 2018-01-02 11:40:29.357 | Q56: 454514 | R56: *5935099999920007500454514001300 | S56: RAC | T56: =IFERROR(AND(MATCH(R56,'Anomalies C'!C:C,0),MATCH(R56,'Anomalies T'!C:C,0)),"")
A57: DLI | B57: EXADIS LESQUIN | C57: ILLICO DLI | D57: MESSAGERIE | E57: 3 | F57: 5.6380 | G57: 03350575F575 | H57: MIDAS- F575 - | I57: 372 AV MARECHAL LATTRE DE TASSIGNY | L57: 59350 | M57: ST ANDRE LEZ LILLE | O57: 2018-01-02 08:16:52.000 | P57: 2018-01-02 11:40:29.357 | Q57: 454514 | R57: *5935099999920007500454514002300 | S57: RAC | T57: =IFERROR(AND(MATCH(R57,'Anomalies C'!C:C,0),MATCH(R57,'Anomalies T'!C:C,0)),"")
A58: DLI | B58: EXADIS LESQUIN | C58: ILLICO DLI | D58: MESSAGERIE | E58: 3 | F58: 5.6380 | G58: 03350575F575 | H58: MIDAS- F575 - | I58: 372 AV MARECHAL LATTRE DE TASSIGNY | L58: 59350 | M58: ST ANDRE LEZ LILLE | O58: 2018-01-02 08:16:52.000 | P58: 2018-01-02 11:40:29.357 | Q58: 454514 | R58: *5935099999920007500454514003300 | S58: RAC | T58: =IFERROR(AND(MATCH(R58,'Anomalies C'!C:C,0),MATCH(R58,'Anomalies T'!C:C,0)),"")
A59: DSP | B59: EXADIS ST PRIEST | C59: WARNING SA | D59: WARNING | E59: 3 | F59: 13.2000 | G59: 03427958000001 | H59: ROADY - 40523 - | I59: SYROCH | J59: ZAC DES PLAINES | L59: 42120 | M59: PERREUX | O59: 2018-01-02 08:17:33.000 | P59: 2018-01-02 11:34:02.880 | Q59: 0040780846 | R59: 195000102081733017 | S59: RAC | T59: =IFERROR(AND(MATCH(R59,'Anomalies C'!C:C,0),MATCH(R59,'Anomalies T'!C:C,0)),"")
A60: DSP | B60: EXADIS ST PRIEST | C60: WARNING SA | D60: WARNING | E60: 3 | F60: 13.2000 | G60: 03427958000001 | H60: ROADY - 40523 - | I60: SYROCH | J60: ZAC DES PLAINES | L60: 42120 | M60: PERREUX | O60: 2018-01-02 08:17:33.000 | P60: 2018-01-02 11:34:02.880 | Q60: 0040780846 | R60: 195000102081749062 | S60: RAC | T60: =IFERROR(AND(MATCH(R60,'Anomalies C'!C:C,0),MATCH(R60,'Anomalies T'!C:C,0)),"")
A61: DSP | B61: EXADIS ST PRIEST | C61: WARNING SA | D61: WARNING | E61: 3 | F61: 13.2000 | G61: 03427958000001 | H61: ROADY - 40523 - | I61: SYROCH | J61: ZAC DES PLAINES | L61: 42120 | M61: PERREUX | O61: 2018-01-02 08:17:33.000 | P61: 2018-01-02 11:34:02.880 | Q61: 0040780846 | R61: 195000102081749080 | S61: RAC | T61: =IFERROR(AND(MATCH(R61,'Anomalies C'!C:C,0),MATCH(R61,'Anomalies T'!C:C,0)),"")
A62: DSP | B62: EXADIS ST PRIEST | C62: CIBLEX | D62: H12 | E62: 1 | F62: 6.8000 | G62: 03424248000001 | H62: ROADY - 02578 - | I62: BOURDERIE | J62: LE MOLLARD | L62: 73700 | M62: BOURG ST MAURICE | O62: 2018-01-02 08:18:08.000 | P62: 2018-01-02 21:14:44.563 | Q62: 0040780432 | R62: 02449000053125 | S62: OK-DELIVERED | T62: =IFERROR(AND(MATCH(R62,'Anomalies C'!C:C,0),MATCH(R62,'Anomalies T'!C:C,0)),"")
A63: DSP | B63: EXADIS ST PRIEST | C63: TNT NATIONAL | D63: 12EXPRESS | E63: 2 | F63: 1.8120 | G63: 03856809000001 | H63: ROADY - 03438 - | I63: ALECOR | J63: RUE HENRI LAROCHE | L63: 60800 | M63: CREPY EN VALOIS | O63: 2018-01-02 08:18:44.000 | P63: 2018-01-02 21:16:08.800 | Q63: 454516 | R63: 6046393064148362 | S63: DN-NC-DELIV | T63: =IFERROR(AND(MATCH(R63,'Anomalies C'!C:C,0),MATCH(R63,'Anomalies T'!C:C,0)),"")
A64: DSP | B64: EXADIS ST PRIEST | C64: TNT NATIONAL | D64: 12EXPRESS | E64: 2 | F64: 1.8120 | G64: 03856809000001 | H64: ROADY - 03438 - | I64: ALECOR | J64: RUE HENRI LAROCHE | L64: 60800 | M64: CREPY EN VALOIS | O64: 2018-01-02 08:18:44.000 | P64: 2018-01-02 21:16:08.800 | Q64: 454516 | R64: 6046393064148402 | S64: DN-NC-DELIV | T64: =IFERROR(AND(MATCH(R64,'Anomalies C'!C:C,0),MATCH(R64,'Anomalies T'!C:C,0)),"")
A65: DGN | B65: EXADIS GENNEVILLIERS | C65: AMEX GEM DGN | D65: STANDARD | E65: 2 | F65: 6.9950 | G65: 03350585F585 | H65: MIDAS | I65: M AUTOMOBILES - F585 - | J65: 132 BOULEVARD CARNOT | L65: 78110 | M65: LE VESINET | O65: 2018-01-02 08:18:49.000 | P65: 2018-01-02 09:43:17.747 | Q65: 454518 | R65: *7811099999912346500060000001300 | S65: RAC | T65: =IFERROR(AND(MATCH(R65,'Anomalies C'!C:C,0),MATCH(R65,'Anomalies T'!C:C,0)),"")
A66: DGN | B66: EXADIS GENNEVILLIERS | C66: AMEX GEM DGN | D66: STANDARD | E66: 2 | F66: 6.9950 | G66: 03350585F585 | H66: MIDAS | I66: M AUTOMOBILES - F585 - | J66: 132 BOULEVARD CARNOT | L66: 78110 | M66: LE VESINET | O66: 2018-01-02 08:18:49.000 | P66: 2018-01-02 09:43:17.747 | Q66: 454518 | R66: *7811099999912346500060000002300 | S66: RAC | T66: =IFERROR(AND(MATCH(R66,'Anomalies C'!C:C,0),MATCH(R66,'Anomalies T'!C:C,0)),"")
A67: DSPOA | B67: ORIGIN AUTO ST PRIEST | C67: TNT NATIONAL DSP AM | D67: EXPRESS J | E67: 2 | F67: .9590 | G67: 03875882000827 | H67: THOM'S AUTO MOTO | I67: ZONE INDUSTRIELLE EN BERIA | L67: 39130 | M67: CLAIRVAUX LES LACS | O67: 2018-01-02 08:20:09.000 | P67: 2018-01-04 14:58:56.957 | Q67: 454520 | R67: 3946393135001910 | S67: DN-NC-DELIV | T67: =IFERROR(AND(MATCH(R67,'Anomalies C'!C:C,0),MATCH(R67,'Anomalies T'!C:C,0)),"")
A68: DSPOA | B68: ORIGIN AUTO ST PRIEST | C68: TNT NATIONAL DSP AM | D68: EXPRESS J | E68: 2 | F68: .9590 | G68: 03875882000827 | H68: THOM'S AUTO MOTO | I68: ZONE INDUSTRIELLE EN BERIA | L68: 39130 | M68: CLAIRVAUX LES LACS | O68: 2018-01-02 08:20:09.000 | P68: 2018-01-04 14:58:56.957 | Q68: 454520 | R68: 3946393135002000 | S68: DN-NC-DELIV | T68: =IFERROR(AND(MATCH(R68,'Anomalies C'!C:C,0),MATCH(R68,'Anomalies T'!C:C,0)),"")
A69: DSP | B69: EXADIS ST PRIEST | C69: TNT NATIONAL | D69: EXPRESS | E69: 1 | F69: .1200 | G69: 03875882000827 | H69: THOMS AUTO MOTO | I69: ZONE INDUSTRIELLE EN BERIA | L69: 39130 | M69: CLAIRVAUX LES LACS | O69: 2018-01-02 08:20:50.000 | P69: 2018-01-02 21:16:08.927 | Q69: 0040780834 | R69: 3946393064148384 | S69: OK-DELIVERED | T69: =IFERROR(AND(MATCH(R69,'Anomalies C'!C:C,0),MATCH(R69,'Anomalies T'!C:C,0)),"")
A70: DLI | B70: EXADIS LESQUIN | C70: ILLICO DLI | D70: MESSAGERIE | E70: 3 | F70: 27.9390 | G70: 03350958F333 | H70: MIDAS -F333- | I70: WEPPE NOYELLES CENTRE AUTO | J70: CENTRE COMMERCIAL AUCHAN | L70: 62950 | M70: NOYELLES GODAULT | O70: 2018-01-02 08:21:17.000 | P70: 2018-01-02 11:40:29.357 | Q70: 454522 | R70: *6295099999920007500454522001300 | S70: RAC | T70: =IFERROR(AND(MATCH(R70,'Anomalies C'!C:C,0),MATCH(R70,'Anomalies T'!C:C,0)),"")
A71: DLI | B71: EXADIS LESQUIN | C71: ILLICO DLI | D71: MESSAGERIE | E71: 3 | F71: 27.9390 | G71: 03350958F333 | H71: MIDAS -F333- | I71: WEPPE NOYELLES CENTRE AUTO | J71: CENTRE COMMERCIAL AUCHAN | L71: 62950 | M71: NOYELLES GODAULT | O71: 2018-01-02 08:21:17.000 | P71: 2018-01-02 11:40:29.357 | Q71: 454522 | R71: *6295099999920007500454522002300 | S71: RAC | T71: =IFERROR(AND(MATCH(R71,'Anomalies C'!C:C,0),MATCH(R71,'Anomalies T'!C:C,0)),"")
A72: DLI | B72: EXADIS LESQUIN | C72: ILLICO DLI | D72: MESSAGERIE | E72: 3 | F72: 27.9390 | G72: 03350958F333 | H72: MIDAS -F333- | I72: WEPPE NOYELLES CENTRE AUTO | J72: CENTRE COMMERCIAL AUCHAN | L72: 62950 | M72: NOYELLES GODAULT | O72: 2018-01-02 08:21:17.000 | P72: 2018-01-02 11:40:29.357 | Q72: 454522 | R72: *6295099999920007500454522003300 | S72: RAC | T72: =IFERROR(AND(MATCH(R72,'Anomalies C'!C:C,0),MATCH(R72,'Anomalies T'!C:C,0)),"")
A73: DSP | B73: EXADIS ST PRIEST | C73: TNT NATIONAL | D73: EXPRESS | E73: 1 | F73: 1.7700 | G73: 03420958000014 | H73: NORAUTO ST PRIEST -62- | I73: CHAMP DU PONT | L73: 69800 | M73: ST PRIEST | O73: 2018-01-02 08:21:24.000 | P73: 2018-01-02 21:16:08.927 | Q73: 0040780325 | R73: 6946393064148397 | S73: OK-DELIVERED | T73: =IFERROR(AND(MATCH(R73,'Anomalies C'!C:C,0),MATCH(R73,'Anomalies T'!C:C,0)),"")
A74: DSP | B74: EXADIS ST PRIEST | C74: TNT NATIONAL | D74: EXPRESS | E74: 1 | F74: 2.8000 | G74: 03350528F528 | H74: MIDAS - F528 - | I74: GT ET MOTION | J74: 70 RUE DU MOULIN D ANDEUX | L74: 60400 | M74: NOYON | O74: 2018-01-02 08:22:02.000 | P74: 2018-01-02 21:16:08.927 | Q74: 0040780449 | R74: 6046393064148448 | S74: OK-DELIVERED | T74: =IFERROR(AND(MATCH(R74,'Anomalies C'!C:C,0),MATCH(R74,'Anomalies T'!C:C,0)),"")
A75: DLI | B75: EXADIS LESQUIN | C75: ILLICO DLI | D75: MESSAGERIE | E75: 1 | F75: .8000 | G75: 03350991F495 | H75: MH AUTO | I75: MIDAS | J75: 3 RUE D AIRE | L75: 59190 | M75: HAZEBROUCK | O75: 2018-01-02 08:22:12.000 | P75: 2018-01-02 11:40:29.357 | Q75: 454524 | R75: *5919099999920007500454524001300 | S75: RAC | T75: =IFERROR(AND(MATCH(R75,'Anomalies C'!C:C,0),MATCH(R75,'Anomalies T'!C:C,0)),"")
A76: DSP | B76: EXADIS ST PRIEST | C76: TNT NATIONAL | D76: 12EXPRESS | E76: 1 | F76: 1.7300 | G76: 03856809000001 | H76: ROADY - 03438 - | I76: ALECOR | J76: RUE HENRI LAROCHE | L76: 60800 | M76: CREPY EN VALOIS | O76: 2018-01-02 08:22:57.000 | P76: 2018-01-02 21:16:08.800 | Q76: 0040780899 | R76: 6046393064148419 | S76: OK-DELIVERED | T76: =IFERROR(AND(MATCH(R76,'Anomalies C'!C:C,0),MATCH(R76,'Anomalies T'!C:C,0)),"")
A77: DGN | B77: EXADIS GENNEVILLIERS | C77: AMEX GEM DGN | D77: STANDARD | E77: 1 | F77: .0970 | G77: 03350887F285 | H77: COIGNIERES SERVICES AUTO -F285- | I77: MIDAS -F285- | J77: 117 ROUTE NATIONALE 10 | L77: 78310 | M77: COIGNIERES | O77: 2018-01-02 08:23:33.000 | P77: 2018-01-02 09:43:17.747 | Q77: 454526 | R77: *7831099999912346500060024001300 | S77: RAC | T77: =IFERROR(AND(MATCH(R77,'Anomalies C'!C:C,0),MATCH(R77,'Anomalies T'!C:C,0)),"")
A78: DSP | B78: EXADIS ST PRIEST | C78: TNT NATIONAL | D78: EXPRESS | E78: 1 | F78: 2.8200 | G78: 03350528F528 | H78: MIDAS - F528 - | I78: GT ET MOTION | J78: 70 RUE DU MOULIN D ANDEUX | L78: 60400 | M78: NOYON | O78: 2018-01-02 08:23:35.000 | P78: 2018-01-02 21:16:08.927 | Q78: 454527 | R78: 6046393064148425 | S78: RAC | T78: =IFERROR(AND(MATCH(R78,'Anomalies C'!C:C,0),MATCH(R78,'Anomalies T'!C:C,0)),"")
A79: DGN | B79: EXADIS GENNEVILLIERS | C79: AMEX GEM DGN | D79: STANDARD | E79: 2 | F79: 5.3170 | G79: 0342214914 | H79: MIDAS PARIS | I79: 265 AVENUE DAUMESNIL | L79: 75012 | M79: PARIS 12 | O79: 2018-01-02 08:24:10.000 | P79: 2018-01-02 09:43:17.747 | Q79: 454528 | R79: *7501299999912346500060001001300 | S79: RAC | T79: =IFERROR(AND(MATCH(R79,'Anomalies C'!C:C,0),MATCH(R79,'Anomalies T'!C:C,0)),"")
A80: DGN | B80: EXADIS GENNEVILLIERS | C80: AMEX GEM DGN | D80: STANDARD | E80: 2 | F80: 5.3170 | G80: 0342214914 | H80: MIDAS PARIS | I80: 265 AVENUE DAUMESNIL | L80: 75012 | M80: PARIS 12 | O80: 2018-01-02 08:24:10.000 | P80: 2018-01-02 09:43:17.747 | Q80: 454528 | R80: *7501299999912346500060001002300 | S80: RAC | T80: =IFERROR(AND(MATCH(R80,'Anomalies C'!C:C,0),MATCH(R80,'Anomalies T'!C:C,0)),"")
A81: DGN | B81: EXADIS GENNEVILLIERS | C81: AMEX GEM DGN | D81: STANDARD | E81: 1 | F81: .1490 | G81: 03350168F168 | H81: MIDAS -F168- | I81: ES AUTO | J81: 36 RUE FRANCOIS DE TESSAN | L81: 77100 | M81: MEAUX | O81: 2018-01-02 08:25:08.000 | P81: 2018-01-02 09:33:59.717 | Q81: 454529 | R81: *7710099999912346500060022001300 | S81: RAC | T81: =IFERROR(AND(MATCH(R81,'Anomalies C'!C:C,0),MATCH(R81,'Anomalies T'!C:C,0)),"")
A82: DLI | B82: EXADIS LESQUIN | C82: ILLICO DLI | D82: MESSAGERIE | E82: 1 | F82: 2.9310 | G82: 03350533F533 | H82: MIDAS - F533 - | I82: NORD MAINTENANCE AUTOMOBILE | J82: 198 RUE HENRI DURRE | L82: 59230 | M82: ST AMAND LES EAUX | O82: 2018-01-02 08:25:12.000 | P82: 2018-01-02 11:40:29.357 | Q82: 454530 | R82: *5923099999920007500454530001300 | S82: RAC | T82: =IFERROR(AND(MATCH(R82,'Anomalies C'!C:C,0),MATCH(R82,'Anomalies T'!C:C,0)),"")
A83: DLI | B83: EXADIS LESQUIN | C83: ILLICO DLI | D83: MESSAGERIE | E83: 4 | F83: 9.9930 | G83: 03350509F509 | H83: MIDAS - F509 - | I83: SKMA | J83: 187BIS AVENUE JEAN JAURES | L83: 59920 | M83: QUIEVRECHAIN | O83: 2018-01-02 08:27:13.000 | P83: 2018-01-02 11:40:29.357 | Q83: 454531 | R83: *5992099999920007500454531001300 | S83: RAC | T83: =IFERROR(AND(MATCH(R83,'Anomalies C'!C:C,0),MATCH(R83,'Anomalies T'!C:C,0)),"")
A84: DLI | B84: EXADIS LESQUIN | C84: ILLICO DLI | D84: MESSAGERIE | E84: 4 | F84: 9.9930 | G84: 03350509F509 | H84: MIDAS - F509 - | I84: SKMA | J84: 187BIS AVENUE JEAN JAURES | L84: 59920 | M84: QUIEVRECHAIN | O84: 2018-01-02 08:27:13.000 | P84: 2018-01-02 11:40:29.357 | Q84: 454531 | R84: *5992099999920007500454531002300 | S84: RAC | T84: =IFERROR(AND(MATCH(R84,'Anomalies C'!C:C,0),MATCH(R84,'Anomalies T'!C:C,0)),"")
A85: DLI | B85: EXADIS LESQUIN | C85: ILLICO DLI | D85: MESSAGERIE | E85: 4 | F85: 9.9930 | G85: 03350509F509 | H85: MIDAS - F509 - | I85: SKMA | J85: 187BIS AVENUE JEAN JAURES | L85: 59920 | M85: QUIEVRECHAIN | O85: 2018-01-02 08:27:13.000 | P85: 2018-01-02 11:40:29.357 | Q85: 454531 | R85: *5992099999920007500454531003300 | S85: RAC | T85: =IFERROR(AND(MATCH(R85,'Anomalies C'!C:C,0),MATCH(R85,'Anomalies T'!C:C,0)),"")
A86: DLI | B86: EXADIS LESQUIN | C86: ILLICO DLI | D86: MESSAGERIE | E86: 4 | F86: 9.9930 | G86: 03350509F509 | H86: MIDAS - F509 - | I86: SKMA | J86: 187BIS AVENUE JEAN JAURES | L86: 59920 | M86: QUIEVRECHAIN | O86: 2018-01-02 08:27:13.000 | P86: 2018-01-02 11:40:29.357 | Q86: 454531 | R86: *5992099999920007500454531004300 | S86: RAC | T86: =IFERROR(AND(MATCH(R86,'Anomalies C'!C:C,0),MATCH(R86,'Anomalies T'!C:C,0)),"")
A87: DSP | B87: EXADIS ST PRIEST | C87: TNT NATIONAL | D87: EXPRESS | E87: 1 | F87: 11.0250 | G87: 03420958000085 | H87: NORAUTO MONTPELLIER -65- | I87: ZAC LES DEVES DE CONDAMINES | L87: 34430 | M87: ST JEAN DE VEDAS | O87: 2018-01-02 08:27:28.000 | P87: 2018-01-02 21:16:08.927 | Q87: 454532 | R87: 3446393064148434 | S87: RAC | T87: =IFERROR(AND(MATCH(R87,'Anomalies C'!C:C,0),MATCH(R87,'Anomalies T'!C:C,0)),"")
A88: DGN | B88: EXADIS GENNEVILLIERS | C88: AMEX GEM DGN | D88: STANDARD | E88: 1 | F88: 18.2100 | G88: 03879428000001 | H88: CARS MARKET | I88: 8 RUE DU PHARLE | L88: 77130 | M88: MONTEREAU FAULT YONNE | O88: 2018-01-02 08:27:36.000 | P88: 2018-01-02 09:33:59.717 | Q88: 454533 | R88: *7713099999912346500060002001300 | S88: RAC | T88: =IFERROR(AND(MATCH(R88,'Anomalies C'!C:C,0),MATCH(R88,'Anomalies T'!C:C,0)),"")
A89: DLI | B89: EXADIS LESQUIN | C89: ILLICO DLI | D89: MESSAGERIE | E89: 2 | F89: 4.4840 | G89: 03879422000001 | H89: AUTO CONTACT | I89: ZA BOIS DION | L89: 59162 | M89: OSTRICOURT | O89: 2018-01-02 08:27:59.000 | P89: 2018-01-02 11:40:29.357 | Q89: 454534 | R89: *5916299999920007500454534001300 | S89: RAC | T89: =IFERROR(AND(MATCH(R89,'Anomalies C'!C:C,0),MATCH(R89,'Anomalies T'!C:C,0)),"")
A90: DLI | B90: EXADIS LESQUIN | C90: ILLICO DLI | D90: MESSAGERIE | E90: 2 | F90: 4.4840 | G90: 03879422000001 | H90: AUTO CONTACT | I90: ZA BOIS DION | L90: 59162 | M90: OSTRICOURT | O90: 2018-01-02 08:27:59.000 | P90: 2018-01-02 11:40:29.357 | Q90: 454534 | R90: *5916299999920007500454534002300 | S90: RAC | T90: =IFERROR(AND(MATCH(R90,'Anomalies C'!C:C,0),MATCH(R90,'Anomalies T'!C:C,0)),"")
A91: DSP | B91: EXADIS ST PRIEST | C91: TNT NATIONAL | D91: EXPRESS | E91: 2 | F91: 11.0300 | G91: 03420958000085 | H91: NORAUTO MONTPELLIER -65- | I91: ZAC LES DEVES DE CONDAMINES | L91: 34430 | M91: ST JEAN DE VEDAS | O91: 2018-01-02 08:28:23.000 | P91: 2018-01-02 21:16:08.927 | Q91: 03420958000085 | R91: 3446393064148457 | S91: OK-DELIVERED | T91: =IFERROR(AND(MATCH(R91,'Anomalies C'!C:C,0),MATCH(R91,'Anomalies T'!C:C,0)),"")
A92: DSP | B92: EXADIS ST PRIEST | C92: TNT NATIONAL | D92: EXPRESS | E92: 2 | F92: 11.0300 | G92: 03420958000085 | H92: NORAUTO MONTPELLIER -65- | I92: ZAC LES DEVES DE CONDAMINES | L92: 34430 | M92: ST JEAN DE VEDAS | O92: 2018-01-02 08:28:23.000 | P92: 2018-01-02 21:16:08.927 | Q92: 03420958000085 | R92: 3446393064148463 | S92: OK-DELIVERED | T92: =IFERROR(AND(MATCH(R92,'Anomalies C'!C:C,0),MATCH(R92,'Anomalies T'!C:C,0)),"")
A93: DLI | B93: EXADIS LESQUIN | C93: ILLICO DLI | D93: MESSAGERIE | E93: 2 | F93: 14.6290 | G93: 03873881000001 | H93: AUTO PIECES RAISMOISE | I93: 2197 RUE LEOPOLD DUSSART | L93: 59590 | M93: RAISMES | O93: 2018-01-02 08:28:43.000 | P93: 2018-01-02 11:40:29.357 | Q93: 454536 | R93: *5959099999920007500454536001300 | S93: RAC | T93: =IFERROR(AND(MATCH(R93,'Anomalies C'!C:C,0),MATCH(R93,'Anomalies T'!C:C,0)),"")
A94: DLI | B94: EXADIS LESQUIN | C94: ILLICO DLI | D94: MESSAGERIE | E94: 2 | F94: 14.6290 | G94: 03873881000001 | H94: AUTO PIECES RAISMOISE | I94: 2197 RUE LEOPOLD DUSSART | L94: 59590 | M94: RAISMES | O94: 2018-01-02 08:28:43.000 | P94: 2018-01-02 11:40:29.357 | Q94: 454536 | R94: *5959099999920007500454536002300 | S94: RAC | T94: =IFERROR(AND(MATCH(R94,'Anomalies C'!C:C,0),MATCH(R94,'Anomalies T'!C:C,0)),"")
A95: DSP | B95: EXADIS ST PRIEST | C95: CIBLEX | D95: H12 | E95: 5 | F95: 42.0000 | G95: 03304990000001 | H95: ROADY - 03280 - | I95: DOMANDCO | J95: LES MOUILLES DE LA PALUD | L95: 74700 | M95: DOMANCY | O95: 2018-01-02 08:29:44.000 | P95: 2018-01-02 21:14:44.563 | Q95: 0040780315 | R95: 02449000053126 | S95: DN-NC-DELIV | T95: =IFERROR(AND(MATCH(R95,'Anomalies C'!C:C,0),MATCH(R95,'Anomalies T'!C:C,0)),"")
A96: DSP | B96: EXADIS ST PRIEST | C96: CIBLEX | D96: H12 | E96: 5 | F96: 42.0000 | G96: 03304990000001 | H96: ROADY - 03280 - | I96: DOMANDCO | J96: LES MOUILLES DE LA PALUD | L96: 74700 | M96: DOMANCY | O96: 2018-01-02 08:29:44.000 | P96: 2018-01-02 21:14:44.563 | Q96: 0040780315 | R96: 02449000053183 | S96: DN-NC-DELIV | T96: =IFERROR(AND(MATCH(R96,'Anomalies C'!C:C,0),MATCH(R96,'Anomalies T'!C:C,0)),"")
A97: DSP | B97: EXADIS ST PRIEST | C97: CIBLEX | D97: H12 | E97: 5 | F97: 42.0000 | G97: 03304990000001 | H97: ROADY - 03280 - | I97: DOMANDCO | J97: LES MOUILLES DE LA PALUD | L97: 74700 | M97: DOMANCY | O97: 2018-01-02 08:29:44.000 | P97: 2018-01-02 21:14:44.563 | Q97: 0040780315 | R97: 02449000053196 | S97: DN-NC-DELIV | T97: =IFERROR(AND(MATCH(R97,'Anomalies C'!C:C,0),MATCH(R97,'Anomalies T'!C:C,0)),"")
A98: DSP | B98: EXADIS ST PRIEST | C98: CIBLEX | D98: H12 | E98: 5 | F98: 42.0000 | G98: 03304990000001 | H98: ROADY - 03280 - | I98: DOMANDCO | J98: LES MOUILLES DE LA PALUD | L98: 74700 | M98: DOMANCY | O98: 2018-01-02 08:29:44.000 | P98: 2018-01-02 21:14:44.563 | Q98: 0040780315 | R98: 02449000053197 | S98: DN-NC-DELIV | T98: =IFERROR(AND(MATCH(R98,'Anomalies C'!C:C,0),MATCH(R98,'Anomalies T'!C:C,0)),"")
A99: DSP | B99: EXADIS ST PRIEST | C99: CIBLEX | D99: H12 | E99: 5 | F99: 42.0000 | G99: 03304990000001 | H99: ROADY - 03280 - | I99: DOMANDCO | J99: LES MOUILLES DE LA PALUD | L99: 74700 | M99: DOMANCY | O99: 2018-01-02 08:29:44.000 | P99: 2018-01-02 21:14:44.563 | Q99: 0040780315 | R99: 02449000053264 | S99: DN-NC-DELIV | T99: =IFERROR(AND(MATCH(R99,'Anomalies C'!C:C,0),MATCH(R99,'Anomalies T'!C:C,0)),"")
A100: DGN | B100: EXADIS GENNEVILLIERS | C100: AMEX GEM DGN | D100: STANDARD | E100: 2 | F100: 3.2070 | G100: 03350975F445 | H100: MIDAS - F445 - | I100: MAISONS LAFFITE SERVICE AUTO | J100: 73 RUE DE PARIS | L100: 78600 | M100: MAISONS LAFFITTE | O100: 2018-01-02 08:34:47.000 | P100: 2018-01-02 09:43:17.747 | Q100: 454539 | R100: *7860099999912346500060003001300 | S100: RAC | T100: =IFERROR(AND(MATCH(R100,'Anomalies C'!C:C,0),MATCH(R100,'Anomalies T'!C:C,0)),"")
...

Sheet Anomalies C
A1: Date | B1: depot | C1: BT | D1: DESTINATAIRE | E1: DEPARTEMENT | F1: VILLE | G1: INDEX | H1: PRESTATION
B2: 02449 | C2: 2449000053324 | D2: AYME ET FILS SA | E2: 3500 | F2: ST POURCAIN SUR SIOULE | G2: 455158 | H2: 1 | I2: =MATCH(C2,'Expedition Janvier'!R:R,0) -> #N/A
B3: 48487 | C3: 48487000031414 | D3: FMC BYMYCAR LYON | E3: 69200 | F3: VENISSIEUX | G3: 455118 | H3: 1 | I3: =MATCH(C3,'Expedition Janvier'!R:R,0) -> #N/A
B4: 48487 | C4: 48487000031455 | D4: ETS CHENOT | E4: 11100 | F4: NARBONNE | G4: 455722 | H4: 1 | I4: =MATCH(C4,'Expedition Janvier'!R:R,0) -> #N/A
B5: 48487 | C5: 48487000031475 | D5: .SEGALAUTO | E5: 7300 | F5: ST JEAN DE MUZOLS | G5: 456013 | H5: 1 | I5: =MATCH(C5,'Expedition Janvier'!R:R,0) -> #N/A
B6: 48487 | C6: 48487000031505 | D6: ROADY - 06798 - | E6: 64121 | F6: SERRES CASTET | G6: 456233 | H6: 1 | I6: =MATCH(C6,'Expedition Janvier'!R:R,0) -> #N/A
B7: 2449 | C7: 2449000053499 | D7: COACH CAR SERVICES | E7: 67200 | F7: STRASBOURG | G7: 40790639 | H7: 1 | I7: =MATCH(C7,'Expedition Janvier'!R:R,0) -> #N/A
B8: 48487 | C8: 48487000031547 | D8: ETS CHENOT | E8: 11100 | F8: NARBONNE | G8: 457451 | H8: 1 | I8: =MATCH(C8,'Expedition Janvier'!R:R,0) -> #N/A
B9: 48488 | C9: 48488000003251 | D9: ROSETTA | E9: 40100 | F9: DAX | G9: 457296 | H9: 1 | I9: =MATCH(C9,'Expedition Janvier'!R:R,0) -> #N/A
B10: 48488 | C10: 8046392325097167 | D10: CENTRE D AGOSTINO FUSIER -F378- | E10: 25300 | F10: PONTARLIER | G10: 457563 | H10: 1 | I10: =MATCH(C10,'Expedition Janvier'!R:R,0) -> 9
B11: 48490 | C11: 48490000008128 | D11: FRANCE DEPANNAGE AUTO | E11: 77500 | F11: CHELLES | G11: 457369 | H11: 1 | I11: =MATCH(C11,'Expedition Janvier'!R:R,0) -> #N/A
B12: 48491 | C12: 48491000004007 | D12: BAUDRY AUTOMOBILES | E12: 85000 | F12: LA ROCHE SUR YON | G12: 40792193 | H12: 1 | I12: =MATCH(C12,'Expedition Janvier'!R:R,0) -> #N/A
B13: 2449 | C13: 2449000053619 | D13: BOURGOIN PIECES AUTO | E13: 38300 | F13: BOURGOIN JALLIEU | G13: 458833 | H13: 110 | I13: =MATCH(C13,'Expedition Janvier'!R:R,0) -> #N/A
B14: 2449 | C14: 2449000053702 | D14: BOURGOIN PIECES AUTO | E14: 38300 | F14: BOURGOIN JALLIEU | G14: 0040788261/2 | H14: 110 | I14: =MATCH(C14,'Expedition Janvier'!R:R,0) -> #N/A
B15: 48487 | C15: 48487000031636 | D15: E.F. PIECES AUTO MONTELIMAR | E15: 26200 | F15: MONTELIMAR | G15: 458971 | H15: 1 | I15: =MATCH(C15,'Expedition Janvier'!R:R,0) -> #N/A
B16: 48487 | C16: 48487000031684 | D16: TELOO | E16: 89300 | F16: JOIGNY | G16: 458831 | H16: 1 | I16: =MATCH(C16,'Expedition Janvier'!R:R,0) -> #N/A
B17: 48488 | C17: 48488000003264 | D17: CENTRE D AGOSTINO FUSIER -F378- | E17: 25300 | F17: PONTARLIER | G17: 457563 | H17: 1 | I17: =MATCH(C17,'Expedition Janvier'!R:R,0) -> #N/A
B18: 48489 | C18: 48489000005808 | D18: MOBICAR'S | E18: 59480 | F18: LA BASSEE | G18: 459004 | H18: 1 | I18: =MATCH(C18,'Expedition Janvier'!R:R,0) -> #N/A
B19: 48489 | C19: 48489000005826 | D19: ETS DELESCLUSE | E19: 59300 | F19: VALENCIENNES | G19: 459618 | H19: 1 | I19: =MATCH(C19,'Expedition Janvier'!R:R,0) -> #N/A
B20: 48489 | C20: 48489000005829 | D20: CAROMAR SA | E20: 29300 | F20: MELLAC | G20: 459667 | H20: 1 | I20: =MATCH(C20,'Expedition Janvier'!R:R,0) -> #N/A
B21: 49242 | C21: 49242000001754 | D21: LOUTOM | E21: 86000 | F21: POITIERS | G21: 459931 | H21: 1 | I21: =MATCH(C21,'Expedition Janvier'!R:R,0) -> #N/A
B22: 49242 | C22: 49242000001757 | D22: SPEEDY FRANCE SAS | E22: 59500 | F22: DOUAI | G22: 460980 | H22: 1 | I22: =MATCH(C22,'Expedition Janvier'!R:R,0) -> #N/A
B23: 49242 | C23: 49242000001761 | D23: FUSION CINQ -F073- | E23: 45000 | F23: ORLEANS | G23: 461156 | H23: 109 | I23: =MATCH(C23,'Expedition Janvier'!R:R,0) -> #N/A
B24: 48487 | C24: 48487000031941 | D24: TELOO | E24: 89300 | F24: JOIGNY | G24: 463577 | H24: 1 | I24: =MATCH(C24,'Expedition Janvier'!R:R,0) -> #N/A
B25: 48487 | C25: 48487000031947 | D25: TROYES AUBE SERVICE SARL -F088- | E25: 10000 | F25: TROYES | G25: 463620 | H25: 1 | I25: =MATCH(C25,'Expedition Janvier'!R:R,0) -> #N/A
B26: 48488 | C26: 48488000003299 | D26: APLPB AUTO PIECES LYON PAUL BERT | E26: 69003 | F26: LYON 03 | G26: 462978 | H26: 1 | I26: =MATCH(C26,'Expedition Janvier'!R:R,0) -> #N/A
... B61: 2449 | C61: 2449000054728 | D61: CHALON PIECES AUTO | E61: 71100 | F61: CHALON SUR SAONE | G61: 469596 | H61: 1 | I61: =MATCH(C61,'Expedition Janvier'!R:R,0) -> #N/A
A62: 43116 | B62: 02237 | C62: 2237000013319 | D62: EURL BEDIGIAN ANTRANIG | E62: 25700 | F62: VALENTIGNEY | G62: 471811 | H62: 1 | I62: =MATCH(C62,'Expedition Janvier'!R:R,0) -> #N/A
A63: 43116 | B63: 2449 | C63: 2449000054930 | D63: AUTOMOBILES PALAU 24000 | E63: 33520 | F63: BRUGES | G63: 471579 | H63: 109 | I63: =MATCH(C63,'Expedition Janvier'!R:R,0) -> #N/A
A64: 43116 | B64: 2449 | C64: 2449000055008 | D64: AB AUTO SERVICES | E64: 66200 | F64: ELNE | G64: 472381 | H64: 109 | I64: =MATCH(C64,'Expedition Janvier'!R:R,0) -> #N/A
A65: 43116 | B65: 2449 | C65: 2449000055093 | D65: CONTACT AUTOPIECES | E65: 59570 | F65: LA LONGUEVILLE | G65: 472583 | H65: 1 | I65: =MATCH(C65,'Expedition Janvier'!R:R,0) -> #N/A
A66: 43116 | B66: 48488 | C66: 48488000003378 | D66: MICEJE | E66: 8140 | F66: BAZEILLES | G66: 471594 | H66: 110 | I66: =MATCH(C66,'Expedition Janvier'!R:R,0) -> #N/A
A67: 43116 | B67: 48488 | C67: 48488000003391 | D67: MICEJE | E67: 8140 | F67: BAZEILLES | G67: 471594 | H67: 110 | I67: =MATCH(C67,'Expedition Janvier'!R:R,0) -> #N/A
A68: 43116 | B68: 48488 | C68: 48488000003392 | D68: MICEJE | E68: 8140 | F68: BAZEILLES | G68: 471594 | H68: 110 | I68: =MATCH(C68,'Expedition Janvier'!R:R,0) -> #N/A
A69: 43116 | B69: 48489 | C69: 48489000006032 | D69: PIECES AUTO CENTER | E69: 59280 | F69: ARMENTIERES | G69: 471183 | H69: 1 | I69: =MATCH(C69,'Expedition Janvier'!R:R,0) -> #N/A
A70: 43116 | B70: 48489 | C70: 48489000006034 | D70: LE REMPART SARL -F446- | E70: 59163 | F70: CONDE SUR L ESCAUT | G70: 471193 | H70: 1 | I70: =MATCH(C70,'Expedition Janvier'!R:R,0) -> #N/A
A71: 43116 | B71: 48489 | C71: 48489000006058 | D71: PIECES AUTO 44 | E71: 44320 | F71: ST PERE EN RETZ | G71: 471673 | H71: 1 | I71: =MATCH(C71,'Expedition Janvier'!R:R,0) -> #N/A
A72: 43116 | B72: 48489 | C72: 48489000006062 | D72: ROADY - 01419 - | E72: 61300 | F72: L AIGLE | G72: 471768 | H72: 1 | I72: =MATCH(C72,'Expedition Janvier'!R:R,0) -> #N/A
A73: 43116 | B73: 48489 | C73: 48489000006064 | D73: ROADY - 01419 - | E73: 61300 | F73: L AIGLE | G73: 471768 | H73: 1 | I73: =MATCH(C73,'Expedition Janvier'!R:R,0) -> #N/A
A74: 43116 | B74: 48489 | C74: 48489000006066 | D74: AUTO CONTACT | E74: 59162 | F74: OSTRICOURT | G74: 472129 | H74: 1 | I74: =MATCH(C74,'Expedition Janvier'!R:R,0) -> #N/A
... A77: 43116 | B77: 49242 | C77: 49242000001830 | D77: CAR USO | E77: 80710 | F77: QUEVAUVILLERS | G77: 472167 | H77: 1 | I77: =MATCH(C77,'Expedition Janvier'!R:R,0) -> #N/A
A78: 43117 | B78: 02449 | C78: 2449000055184 | D78: MIDAS FRANCE -A114- | E78: 31400 | F78: TOULOUSE | G78: 473620 | H78: 1 | I78: =MATCH(C78,'Expedition Janvier'!R:R,0) -> #N/A
A79: 43117 | B79: 2449 | C79: 2449000055227 | D79: AUGARAY | E79: 64250 | F79: ITXASSOU | G79: 474066 | H79: 1 | I79: =MATCH(C79,'Expedition Janvier'!R:R,0) -> #N/A
A80: 43117 | B80: 2449 | C80: 2449000055250 | D80: DRISAUTO | E80: 38260 | F80: LA COTE ST ANDRE | G80: 473772 | H80: 1 | I80: =MATCH(C80,'Expedition Janvier'!R:R,0) -> #N/A
A81: 43117 | B81: 48490 | C81: 48490000008558 | D81: CAROMAR SA | E81: 29300 | F81: MELLAC | G81: 473127 | H81: 1 | I81: =MATCH(C81,'Expedition Janvier'!R:R,0) -> #N/A
A82: 43117 | B82: 48490 | C82: 48490000008562 | D82: CAROMAR SA | E82: 29300 | F82: MELLAC | G82: 473127 | H82: 1 | I82: =MATCH(C82,'Expedition Janvier'!R:R,0) -> #N/A
A83: 43117 | B83: 48490 | C83: 48490000008589 | D83: ROADY - 40490 - | E83: 29300 | F83: MELLAC | G83: 40847475 | H83: 1 | I83: =MATCH(C83,'Expedition Janvier'!R:R,0) -> #N/A
A84: 43117 | B84: 48491 | C84: 48491000004380 | D84: BOURGOIN PIECES AUTO | E84: 38300 | F84: BOURGOIN JALLIEU | G84: 40846665 | H84: 110 | I84: =MATCH(C84,'Expedition Janvier'!R:R,0) -> #N/A
A85: 43118 | B85: 2237 | C85: 2237000013482 | D85: ETS CHENOT | E85: 11100 | F85: NARBONNE | G85: 40852060 | H85: 1 | I85: =MATCH(C85,'Expedition Janvier'!R:R,0) -> #N/A
A86: 43119 | B86: 2449 | C86: 2449000055410 | D86: SAIVE SA | E86: 3800 | F86: GANNAT | G86: 476057 | H86: 1 | I86: =MATCH(C86,'Expedition Janvier'!R:R,0) -> #N/A
A87: 43120 | B87: 48487 | C87: 48487000032718 | D87: TELOO | E87: 89300 | F87: JOIGNY | G87: 475041 | H87: 1 | I87: =MATCH(C87,'Expedition Janvier'!R:R,0) -> #N/A
A88: 43121 | B88: 48487 | C88: 48487000032748 | D88: TELOO | E88: 89300 | F88: JOIGNY | G88: 475041 | H88: 1 | I88: =MATCH(C88,'Expedition Janvier'!R:R,0) -> #N/A
A89: 43122 | B89: 48487 | C89: 48487000032780 | D89: GP NEGOCE | E89: 44190 | F89: CLISSON | G89: 475990 | H89: 1 | I89: =MATCH(C89,'Expedition Janvier'!R:R,0) -> #N/A
A90: 43123 | B90: 49242 | C90: 49242000001851 | D90: AYME ET FILS SA | E90: 34800 | F90: CLERMONT L HERAULT | G90: 475894 | H90: 1 | I90: =MATCH(C90,'Expedition Janvier'!R:R,0) -> #N/A
... A109: 43126 | B109: 2449 | C109: 2449000056399 | D109: AYME ET FILS SA | E109: 4000 | F109: DIGNE LES BAINS | G109: 485063 | H109: 1 | I109: =MATCH(C109,'Expedition Janvier'!R:R,0) -> #N/A

Sheet Anomalies T
A1: Date PEC (YYYY-MM-DD) | B1: No client | C1: BT Origine | D1: Ref. client | E1: Nom dest. | F1: Addr. 1 dest. | G1: Addr. 2 dest. | H1: C.Postal dest. | I1: Ville dest. | J1: Code Produit | K1: Status | L1: Motif Instance | M1: Descr.Motif | N1: Actions menée par TNT
A2: 2018-01-02 | B2: 06304103 | C2: 0646304103875968 | D2: 40779790 | E2: FEU VERT | F2: CENTRE AUTO DE VILLENEUVE LOUB | G2: AV DES ANCIENS COMBATTANTS | H2: 06270 | I2: VILLENEUVE LOUBET | J2: J | K2: Non mis en distr. | L2: - | M2: - | N2: -
A3: 2018-01-02 | B3: 06304103 | C3: 0646304103876064 | D3: 40781128 | E3: NORAUTO | F3: NORAUTO NICE -106- | G3: 590 RTE GRENOBLE CC FORUM LING | H3: 06200 | I3: NICE | J3: J | K3: Non mis en distr. | L3: - | M3: - | N3: -
A4: 2018-01-02 | B4: 06304103 | C4: 2946304103876228 | D4: 40780225 | E4: NORAUTO | F4: NORAUTO BREST -112- | G4: AVENUE DE TALLINN LA CAVALE BL | H4: 29200 | I4: BREST | J4: J | K4: En Cours | L4: - | M4: - | N4: livraison le 04/01
A5: 2018-01-02 | B5: 06304103 | C5: 2946304103876424 | D5: 40782907 | E5: STE PRAT PNEUS | F5: ROUTE DE CHATEAULIN | G5: - | H5: 29160 | I5: CROZON | J5: J | K5: En Cours | L5: - | M5: - | N5: livraison le 04/01
A6: 2018-01-02 | B6: 06304103 | C6: 2946304103876435 | D6: 40782907 | E6: STE PRAT PNEUS | F6: ROUTE DE CHATEAULIN | G6: - | H6: 29160 | I6: CROZON | J6: J | K6: En Cours | L6: - | M6: - | N6: livraison le 04/01
A7: 2018-01-02 | B7: 06304103 | C7: 2946304103876447 | D7: 40782907 | E7: STE PRAT PNEUS | F7: ROUTE DE CHATEAULIN | G7: - | H7: 29160 | I7: CROZON | J7: J | K7: En Cours | L7: - | M7: - | N7: livraison le 04/01
A8: 2018-01-02 | B8: 06304103 | C8: 2946304103876453 | D8: 40782907 | E8: STE PRAT PNEUS | F8: ROUTE DE CHATEAULIN | G8: - | H8: 29160 | I8: CROZON | J8: J | K8: En Cours | L8: - | M8: - | N8: livraison le 04/01
A9: 2018-01-02 | B9: 06304103 | C9: 2946304103876919 | D9: 40786195 | E9: NORAUTO FRANCE | F9: ZAC DE TY MENEZ | G9: - | H9: 29470 | I9: PLOUGASTEL DAOULAS | J9: J | K9: En Cours | L9: - | M9: - | N9: livraison le 04/01
A10: 2018-01-02 | B10: 06304103 | C10: 7446304103876235 | D10: 40780266 | E10: FASTAUTO 74 | F10: NORAUTO LA ROCHE SUR FORON-023 | G10: ZA DU QUARRE | H10: 74800 | I10: LA ROCHE SUR FORON | J10: J | K10: Non mis en distr. | L10: - | M10: - | N10: -
A11: 2018-01-02 | B11: 06304103 | C11: 9546304103876072 | D11: 40781151 | E11: NORAUTO | F11: NORAUTO OSNY -111- | G11: PARC D ACTIVITE L OSERAIE | H11: 95520 | I11: OSNY | J11: J | K11: Non mis en distr. | L11: V | M11: RV NECESSAIRE | N11: livraison le 04/01
A12: 2018-01-02 | B12: 06392325 | C12: 8046392325097167 | D12: 455479 | E12: ENTRETIEN AUTOMOBILE MANSART -F3 | F12: MIDAS | G12: 69 RUE DU CHATEAU MILAN | H12: 80000 | I12: AMIENS | J12: J | K12: Non Connu | L12: E | M12: PB ETIQUETAG | N12: non lu, non remis à TNT | O12: =MATCH(C12,'Expedition Janvier'!R:R,0) -> 9
A13: 2018-01-02 | B13: 06392325 | C13: 8346392325097198 | D13: 455883 | E13: NORAUTO FRANCE | F13: NORAUTO CALLIAN | G13: PLAN DE LA GRANDE VIGNE | H13: 83440 | I13: CALLIAN | J13: J | K13: Non mis en distr. | L13: - | M13: - | N13: - | O13: =MATCH(C13,'Expedition Janvier'!R:R,0) -> 2296
A14: 2018-01-02 | B14: 06392326 | C14: 0146392326767379 | D14: 456048 | E14: KPX PARTS | F14: PEPINIERE ENTREPRISE | G14: 1066 ROUTE DE VAUX | H14: 01380 | I14: BAGE LA VILLE | J14: J | K14: Non mis en distr. | L14: J | M14: EMBAL. ENDOMMAG | N14: livraison le 04/01 | O14: =MATCH(C14,'Expedition Janvier'!R:R,0) -> 2522
A15: 2018-01-02 | B15: 06392326 | C15: 0646392326765939 | D15: - | E15: - | F15: - | G15: - | H15: - | I15: - | J15: J | K15: Non mis en distr. | L15: - | M15: - | N15: -
A16: 2018-01-02 | B16: 06392326 | C16: 0946392326766763 | D16: 455787 | E16: AUTO SERVICES MURET | F16: VILLAGE AUTOMOBILE | G16: LES CANOUNGES | H16: 09100 | I16: PAMIERS | J16: J | K16: En Cours | L16: - | M16: - | N16: livraison le 04/01 | O16: =MATCH(C16,'Expedition Janvier'!R:R,0) -> 2167
A17: 2018-01-02 | B17: 06392326 | C17: 1746392326765827 | D17: 455314 | E17: GARAGE DE LA MARINE -F425- | F17: MIDAS -F425- | G17: RUE VILLENEUVE MONTIGNY | H17: 17300 | I17: ROCHEFORT | J17: J | K17: Non mis en distr. | L17: - | M17: - | N17: - | O17: =MATCH(C17,'Expedition Janvier'!R:R,0) -> 1396
A18: 2018-01-02 | B18: 06392326 | C18: 2946392326765418 | D18: 455169 | E18: WEST ALBATROS - F566 - | F18: MIDAS | G18: ZA DE KEROUANT | H18: 29120 | I18: PONT L ABBE | J18: J | K18: Non mis en distr. | L18: - | M18: - | N18: - | O18: =MATCH(C18,'Expedition Janvier'!R:R,0) -> 1140
A19: 2018-01-02 | B19: 06392326 | C19: 2946392326765424 | D19: 455169 | E19: WEST ALBATROS - F566 - | F19: MIDAS | G19: ZA DE KEROUANT | H19: 29120 | I19: PONT L ABBE | J19: J | K19: Non mis en distr. | L19: - | M19: - | N19: - | O19: =MATCH(C19,'Expedition Janvier'!R:R,0) -> 1141
A20: 2018-01-02 | B20: 06392326 | C20: 2946392326765689 | D20: 455169 | E20: WEST ALBATROS - F566 - | F20: MIDAS | G20: ZA DE KEROUANT | H20: 29120 | I20: PONT L ABBE | J20: J | K20: Non mis en distr. | L20: - | M20: - | N20: - | O20: =MATCH(C20,'Expedition Janvier'!R:R,0) -> 1142
A21: 2018-01-02 | B21: 06392326 | C21: 2946392326767021 | D21: 455877 | E21: NORAUTO FRANCE | F21: NORAUTO BREST -112- | G21: AVENUE DE TALLINN LA CAVALE BL | H21: 29200 | I21: BREST | J21: J | K21: En Cours | L21: - | M21: - | N21: livraison le 04/01 | O21: =MATCH(C21,'Expedition Janvier'!R:R,0) -> 2289
A22: 2018-01-02 | B22: 06392326 | C22: 3046392326765637 | D22: 455206 | E22: LAURENT ALES | F22: 456 CHEMIN DE LA TOURTUGUE | G22: - | H22: 30100 | I22: ALES | J22: J | K22: Non mis en distr. | L22: T | M22: ERREUR DE TRI | N22: livraison le 04/01 | O22: =MATCH(C22,'Expedition Janvier'!R:R,0) -> 1198
A23: 2018-01-02 | B23: 06392326 | C23: 3546392326767662 | D23: 456119 | E23: CONTACTS AUTOMOBILES | F23: 65 AVENUE GENERAL DE GAULLE | G23: - | H23: 35400 | I23: ST MALO | J23: J | K23: Non mis en distr. | L23: - | M23: - | N23: - | O23: =MATCH(C23,'Expedition Janvier'!R:R,0) -> 2592
A24: 2018-01-02 | B24: 06392326 | C24: 4546392326765743 | D24: 455225 | E24: ELUSA - F591 - | F24: MIDAS | G24: 20 RUE GUSTAVE EIFFEL | H24: 45430 | I24: CHECY | J24: J | K24: Non mis en distr. | L24: - | M24: - | N24: - | O24: =MATCH(C24,'Expedition Janvier'!R:R,0) -> 1239
A25: 2018-01-02 | B25: 06392326 | C25: 6046392326767300 | D25: 456035 | E25: AUTO FLEX | F25: PIECES AUTO FLEX | G25: 4 RUE BLAISE PASCAL | H25: 60100 | I25: CREIL | J25: J | K25: Non mis en distr. | L25: - | M25: - | N25: - | O25: =MATCH(C25,'Expedition Janvier'!R:R,0) -> 2503
A26: 2018-01-02 | B26: 06392326 | C26: 6046392326767316 | D26: 456035 | E26: AUTO FLEX | F26: PIECES AUTO FLEX | G26: 4 RUE BLAISE PASCAL | H26: 60100 | I26: CREIL | J26: J | K26: Non Connu | L26: - | M26: - | N26: non lu, non remis à TNT | O26: =MATCH(C26,'Expedition Janvier'!R:R,0) -> 2504
A27: 2018-01-02 | B27: 06392326 | C27: 6246392326766137 | D27: 455536 | E27: WEPPE SERVICES AUTOMOBILES -F136 | F27: MIDAS -F136- | G27: 75 RUE RENE LANOY | H27: 62300 | I27: LENS | J27: J | K27: Non mis en distr. | L27: - | M27: - | N27: - | O27: =MATCH(C27,'Expedition Janvier'!R:R,0) -> 1753
A28: 2018-01-02 | B28: 06392326 | C28: 6646392326006320 | D28: C000019162 | E28: GAUBERT GEORGES JACQUES | F28: 19 CHEMIN DE LA POUDRIERE | G28: - | H28: 66380 | I28: PIA | J28: J | K28: Non mis en distr. | L28: - | M28: - | N28: -
A29: 2018-01-02 | B29: 06392326 | C29: 6846392326765078 | D29: 455074 | E29: 2 J C -F439- | F29: MIDAS -F439- | G29: 10 ROUTE DE THANN | H29: 68130 | I29: ALTKIRCH | J29: T | K29: Non mis en distr. | L29: - | M29: - | N29: - | O29: =MATCH(C29,'Expedition Janvier'!R:R,0) -> 975
A30: 2018-01-02 | B30: 06392326 | C30: 7546392326766819 | D30: 455799 | E30: DOM AUTO -F289- | F30: MIDAS -F289- | G30: 24 QUAI DES CELESTINS | H30: 75004 | I30: PARIS 04 | J30: J | K30: Non mis en distr. | L30: - | M30: - | N30: - | O30: =MATCH(C30,'Expedition Janvier'!R:R,0) -> 2182
A31: 2018-01-02 | B31: 06392326 | C31: 7546392326767255 | D31: 455799 | E31: DOM AUTO -F289- | F31: MIDAS -F289- | G31: 24 QUAI DES CELESTINS | H31: 75004 | I31: PARIS 04 | J31: J | K31: Non mis en distr. | L31: - | M31: - | N31: - | O31: =MATCH(C31,'Expedition Janvier'!R:R,0) -> 2183
A32: 2018-01-02 | B32: 06392326 | C32: 7546392326767382 | D32: 455799 | E32: DOM AUTO -F289- | F32: MIDAS -F289- | G32: 24 QUAI DES CELESTINS | H32: 75004 | I32: PARIS 04 | J32: J | K32: Non mis en distr. | L32: - | M32: - | N32: - | O32: =MATCH(C32,'Expedition Janvier'!R:R,0) -> 2184
A33: 2018-01-02 | B33: 06392326 | C33: 7546392326767550 | D33: 455799 | E33: DOM AUTO -F289- | F33: MIDAS -F289- | G33: 24 QUAI DES CELESTINS | H33: 75004 | I33: PARIS 04 | J33: J | K33: Non mis en distr. | L33: - | M33: - | N33: - | O33: =MATCH(C33,'Expedition Janvier'!R:R,0) -> 2185
A34: 2018-01-02 | B34: 06392326 | C34: 7646392326766102 | D34: 455391 | E34: NORAUTO FRANCE | F34: NORAUTO MONTIVILLIERS -28- | G34: CC DE LA LEZARDE AUCHAN | H34: 76290 | I34: MONTIVILLIERS | J34: J | K34: Non mis en distr. | L34: - | M34: - | N34: - | O34: =MATCH(C34,'Expedition Janvier'!R:R,0) -> 1522
A35: 2018-01-02 | B35: 06392326 | C35: 7846392326766879 | D35: 455825 | E35: TNT ELANCOURT POUR DISTRIPARTS I | F35: 10RUE MARECHAL DE LATTRE DE TA | G35: - | H35: 78990 | I35: ELANCOURT | J35: J | K35: Non mis en distr. | L35: - | M35: - | N35: - | O35: =MATCH(C35,'Expedition Janvier'!R:R,0) -> 2223
A36: 2018-01-02 | B36: 06392326 | C36: 9146392326767171 | D36: 455688 | E36: ECO PIECES AUTO | F36: EPA | G36: 45 RUE DE L ESSONNE | H36: 91720 | I36: PRUNAY SUR ESSONNE | J36: J | K36: Non Connu | L36: - | M36: - | N36: non lu, non remis à TNT | O36: =MATCH(C36,'Expedition Janvier'!R:R,0) -> 2022
A37: 2018-01-02 | B37: 06392326 | C37: 9146392326767188 | D37: 455688 | E37: ECO PIECES AUTO | F37: EPA | G37: 45 RUE DE L ESSONNE | H37: 91720 | I37: PRUNAY SUR ESSONNE | J37: J | K37: Non Connu | L37: - | M37: - | N37: non lu, non remis à TNT | O37: =MATCH(C37,'Expedition Janvier'!R:R,0) -> 2023
A38: 2018-01-02 | B38: 06392327 | C38: 2946392327188156 | D38: 455389 | E38: AUTO REPAR ROSPORDEN | F38: POINT S | G38: ZA DE DIOULAN | H38: 29140 | I38: ROSPORDEN | J38: J | K38: Non mis en distr. | L38: - | M38: - | N38: - | O38: =MATCH(C38,'Expedition Janvier'!R:R,0) -> 1519
A39: 2018-01-02 | B39: 06392327 | C39: 2946392327188248 | D39: 455456 | E39: WEST ALBATROS - F566 - | F39: MIDAS | G39: ZA DE KEROUANT | H39: 29120 | I39: PONT L ABBE | J39: J | K39: Non mis en distr. | L39: - | M39: - | N39: - | O39: =MATCH(C39,'Expedition Janvier'!R:R,0) -> 1608
A40: 2018-01-02 | B40: 06392327 | C40: 2946392327188594 | D40: 455456 | E40: WEST ALBATROS - F566 - | F40: MIDAS | G40: ZA DE KEROUANT | H40: 29120 | I40: PONT L ABBE | J40: J | K40: Non mis en distr. | L40: - | M40: - | N40: - | O40: =MATCH(C40,'Expedition Janvier'!R:R,0) -> 1609
... A372: 2018-01-04 | B372: 08922713 | C372: 5548922713084609 | D372: 459196 | E372: JM AUTOMOBILES | F372: ZAC | G372: RN 132 | H372: 55000 | I372: LONGEVILLE EN BARROIS | J372: J | K372: En Cours | L372: - | M372: - | N372: livraison le 08/01 | O372: =MATCH(C372,'Expedition Janvier'!R:R,0) -> #N/A
A373: 2018-01-05 | B373: 06304103 | C373: 0146304103878598 | D373: 40800125 | E373: NORAUTO FRANCE | F373: ZAC DES BATERSES | G373: CCIAL PORT DE LA DOMBES | H373: 01700 | I373: BEYNOST | J373: J | K373: NON DISTR | O373: =MATCH(C373,'Expedition Janvier'!R:R,0) -> #N/A
A374: 2018-01-05 | B374: 06304103 | C374: 0146304103878609 | D374: 40800125 | E374: NORAUTO FRANCE | F374: ZAC DES BATERSES | G374: CCIAL PORT DE LA DOMBES | H374: 01700 | I374: BEYNOST | J374: J | K374: NON DISTR | O374: =MATCH(C374,'Expedition Janvier'!R:R,0) -> #N/A
A375: 2018-01-05 | B375: 06304103 | C375: 1346304103878546 | D375: 40800141 | E375: NORAUTO | F375: NORAUTO VITROLLES -72- | G375: CC VITROLLES ESPACE RN 113 | H375: 13127 | I375: VITROLLES | J375: J | K375: NON DISTR | O375: =MATCH(C375,'Expedition Janvier'!R:R,0) -> #N/A
A376: 2018-01-05 | B376: 06304103 | C376: 1346304103878655 | D376: 40800888 | E376: NORAUTO FRANCE | F376: ALLEE DE LA CARRAIRE | G376: PARKING INTERMARCHE | H376: 13770 | I376: VENELLES | J376: J | K376: NON DISTR | O376: =MATCH(C376,'Expedition Janvier'!R:R,0) -> #N/A
A377: 2018-01-05 | B377: 06304103 | C377: 2646304103878353 | D377: 40798006 | E377: EUROMASTER FRANCE 51J | F377: 112 AVENUE JEAN JAURES | H377: 26200 | I377: MONTELIMAR | J377: J | K377: NON DISTR | O377: =MATCH(C377,'Expedition Janvier'!R:R,0) -> #N/A
A378: 2018-01-05 | B378: 06304103 | C378: 3146304103878611 | D378: 40800522 | E378: EUROMASTER FRANCE 5PH | F378: 71 BOULEVARD DE LA MARQUETTE | H378: 31000 | I378: TOULOUSE | J378: J | K378: NON DISTR | O378: =MATCH(C378,'Expedition Janvier'!R:R,0) -> #N/A
A379: 2018-01-05 | B379: 06304103 | C379: 3446304103878665 | D379: 40801194 | E379: NORAUTO | F379: 2 RUE AUGUSTE LUMIERE | H379: 34200 | I379: SETE | J379: J | K379: NON DISTR | O379: =MATCH(C379,'Expedition Janvier'!R:R,0) -> #N/A
A380: 2018-01-05 | B380: 06304103 | C380: 3446304103878671 | D380: 40801194 | E380: NORAUTO | F380: 2 RUE AUGUSTE LUMIERE | H380: 34200 | I380: SETE | J380: J | K380: NON DISTR | O380: =MATCH(C380,'Expedition Janvier'!R:R,0) -> #N/A
A381: 2018-01-05 | B381: 06304103 | C381: 3446304103878810 | D381: 40802744 | E381: FEU VERT | F381: 504 AV DU MAS D ARGELLIERS | H381: 34070 | I381: MONTPELLIER | J381: J | K381: NON DISTR | O381: =MATCH(C381,'Expedition Janvier'!R:R,0) -> #N/A
A382: 2018-01-05 | B382: 06304103 | C382: 3546304103878322 | D382: 40797994 | E382: NORAUTO | F382: NORAUTO RENNES -70- | G382: RUE DU CHESNAY BEAUREGARD | H382: 35760 | I382: ST GREGOIRE | J382: J | K382: NON DISTR | O382: =MATCH(C382,'Expedition Janvier'!R:R,0) -> #N/A
A383: 2018-01-05 | B383: 06304103 | C383: 3846304103878399 | D383: 40799458 | E383: EUROMASTER FRANCE 21G | F383: 71 COURS JEAN JAURES | H383: 38130 | I383: ECHIROLLES | J383: J | K383: NON DISTR | O383: =MATCH(C383,'Expedition Janvier'!R:R,0) -> #N/A
A384: 2018-01-05 | B384: 06304103 | C384: 3846304103878400 | D384: 40799458 | E384: EUROMASTER FRANCE 21G | F384: 71 COURS JEAN JAURES | H384: 38130 | I384: ECHIROLLES | J384: J | K384: NON DISTR | O384: =MATCH(C384,'Expedition Janvier'!R:R,0) -> #N/A
A385: 2018-01-05 | B385: 06304103 | C385: 3846304103878416 | D385: 40799458 | E385: EUROMASTER FRANCE 21G | F385: 71 COURS JEAN JAURES | H385: 38130 | I385: ECHIROLLES | J385: J | K385: NON DISTR | O385: =MATCH(C385,'Expedition Janvier'!R:R,0) -> #N/A
A386: 2018-01-05 | B386: 06304103 | C386: 3846304103878422 | D386: 40799458 | E386: EUROMASTER FRANCE 21G | F386: 71 COURS JEAN JAURES | H386: 38130 | I386: ECHIROLLES | J386: J | K386: NON DISTR | O386: =MATCH(C386,'Expedition Janvier'!R:R,0) -> #N/A
A387: 2018-01-05 | B387: 06304103 | C387: 3846304103878485 | D387: 40799810 | E387: MIDAS FRANCE A326 | F387: MIDAS VOIRON | G387: 17 AVENUE DE VERDUN | H387: 38500 | I387: VOIRON | J387: J | K387: NON DISTR | O387: =MATCH(C387,'Expedition Janvier'!R:R,0) -> #N/A
A388: 2018-01-05 | B388: 06304103 | C388: 3846304103878715 | D388: 40801998 | E388: AM AUTOS | F388: AM AUTOS PIECES | G388: 934 RUE DE LA REPUBLIQUE | H388: 38140 | I388: RENAGE | J388: J | K388: NON DISTR | O388: =MATCH(C388,'Expedition Janvier'!R:R,0) -> #N/A
A389: 2018-01-05 | B389: 06304103 | C389: 4246304103878804 | D389: 40802283 | E389: AB1 | F389: NORAUTO | G389: ZAC DE MIGALON | H389: 42160 | I389: ANDREZIEUX BOUTHEON | J389: J | K389: NON DISTR | O389: =MATCH(C389,'Expedition Janvier'!R:R,0) -> #N/A
A390: 2018-01-05 | B390: 06304103 | C390: 6246304103878834 | D390: 40802852 | E390: NORAUTO FRANCE | F390: NORAUTO ARRAS -216- | G390: AVENUE WINSTON CHURCHILL | H390: 62000 | I390: ARRAS | J390: J | K390: NON DISTR | O390: =MATCH(C390,'Expedition Janvier'!R:R,0) -> #N/A
A391: 2018-01-05 | B391: 06304103 | C391: 6246304103878857 | D391: 40802852 | E391: NORAUTO FRANCE | F391: NORAUTO ARRAS -216- | G391: AVENUE WINSTON CHURCHILL | H391: 62000 | I391: ARRAS | J391: J | K391: NON DISTR | O391: =MATCH(C391,'Expedition Janvier'!R:R,0) -> #N/A
A392: 2018-01-05 | B392: 06304103 | C392: 6246304103878863 | D392: 40802852 | E392: NORAUTO FRANCE | F392: NORAUTO ARRAS -216- | G392: AVENUE WINSTON CHURCHILL | H392: 62000 | I392: ARRAS | J392: J | K392: NON DISTR | O392: =MATCH(C392,'Expedition Janvier'!R:R,0) -> #N/A
A393: 2018-01-05 | B393: 06304103 | C393: 6346304103878635 | D393: 40800544 | E393: CARTER CASH | F393: RUE CLAUDE GUICHARD | H393: 63000 | I393: CLERMONT FERRAND | J393: J | K393: NON DISTR | O393: =MATCH(C393,'Expedition Janvier'!R:R,0) -> #N/A
A394: 2018-01-05 | B394: 06304103 | C394: 6346304103878641 | D394: 40800544 | E394: CARTER CASH | F394: RUE CLAUDE GUICHARD | H394: 63000 | I394: CLERMONT FERRAND | J394: J | K394: NON DISTR | O394: =MATCH(C394,'Expedition Janvier'!R:R,0) -> #N/A
A395: 2018-01-05 | B395: 06304103 | C395: 6646304103878270 | D395: 40798050 | E395: BOUTIQUE 8 | F395: NORAUTO PRADES -1248- | G395: ZAC GIBRALTAR | H395: 66500 | I395: PRADES | J395: J | K395: NON DISTR | O395: =MATCH(C395,'Expedition Janvier'!R:R,0) -> #N/A
A396: 2018-01-05 | B396: 06304103 | C396: 6646304103878286 | D396: 40798050 | E396: BOUTIQUE 8 | F396: NORAUTO PRADES -1248- | G396: ZAC GIBRALTAR | H396: 66500 | I396: PRADES | J396: J | K396: NON DISTR | O396: =MATCH(C396,'Expedition Janvier'!R:R,0) -> #N/A
A397: 2018-01-05 | B397: 06304103 | C397: 6646304103878292 | D397: 40798050 | E397: BOUTIQUE 8 | F397: NORAUTO PRADES -1248- | G397: ZAC GIBRALTAR | H397: 66500 | I397: PRADES | J397: J | K397: NON DISTR | O397: =MATCH(C397,'Expedition Janvier'!R:R,0) -> #N/A
A398: 2018-01-05 | B398: 06304103 | C398: 6646304103878303 | D398: 40798050 | E398: BOUTIQUE 8 | F398: NORAUTO PRADES -1248- | G398: ZAC GIBRALTAR | H398: 66500 | I398: PRADES | J398: J | K398: NON DISTR | O398: =MATCH(C398,'Expedition Janvier'!R:R,0) -> #N/A
A399: 2018-01-05 | B399: 06304103 | C399: 6946304103878495 | D399: 40800253 | E399: NORAUTO | F399: NORAUTO ST PRIEST -62- | G399: CHAMP DU PONT | H399: 69800 | I399: ST PRIEST | J399: J | K399: NON DISTR | O399: =MATCH(C399,'Expedition Janvier'!R:R,0) -> #N/A
A400: 2018-01-05 | B400: 06304103 | C400: 6946304103878501 | D400: 40800253 | E400: NORAUTO | F400: NORAUTO ST PRIEST -62- | G400: CHAMP DU PONT | H400: 69800 | I400: ST PRIEST | J400: J | K400: NON DISTR | O400: =MATCH(C400,'Expedition Janvier'!R:R,0) -> #N/A
A401: 2018-01-05 | B401: 06304103 | C401: 7646304103878626 | D401: 40800532 | E401: NORAUTO | F401: NORAUTO BARENTIN -24- | G401: CENTRE COMMERCIAL DU MESNIL RO | H401: 76360 | I401: BARENTIN | J401: J | K401: NON DISTR | O401: =MATCH(C401,'Expedition Janvier'!R:R,0) -> #N/A
A402: 2018-01-05 | B402: 06304103 | C402: 7746304103878773 | D402: 40802250 | E402: NORAUTO | F402: NORAUTO MEAUX -131- | G402: 6 RUE GEORGES CLAUDE | H402: 77100 | I402: MEAUX | J402: J | K402: NON DISTR | O402: =MATCH(C402,'Expedition Janvier'!R:R,0) -> #N/A
A403: 2018-01-05 | B403: 06304103 | C403: 7746304103878796 | D403: 40802295 | E403: NORAUTO FRANCE | F403: RUE LEON FOUCAULT | G403: ZAC CAMPS LYS | H403: 77190 | I403: DAMMARIE LES LYS | J403: J | K403: NON DISTR | O403: =MATCH(C403,'Expedition Janvier'!R:R,0) -> #N/A
A404: 2018-01-05 | B404: 06304103 | C404: 7846304103878695 | D404: 40801406 | E404: NORAUTO FRANCE | F404: LE BRAYPHIN RUE MARCEL D ASSAU | H404: 78125 | I404: GAZERAN | J404: J | K404: NON DISTR | O404: =MATCH(C404,'Expedition Janvier'!R:R,0) -> #N/A
A405: 2018-01-05 | B405: 06304103 | C405: 7846304103878827 | D405: 40802830 | E405: ELY SERVICE AUTO -F118- | F405: MIDAS -F118- | G405: AVENUE PAUL RAOULT | H405: 78130 | I405: LES MUREAUX | J405: J | K405: NON DISTR | O405: =MATCH(C405,'Expedition Janvier'!R:R,0) -> #N/A
A406: 2018-01-05 | B406: 06304103 | C406: 8446304103878783 | D406: 40802237 | E406: NORAUTO | F406: NORAUTO AVIGNON SUD | G406: RUE DU SOUS MARIN CABIANCA | H406: 84000 | I406: AVIGNON | J406: J | K406: NON DISTR | O406: =MATCH(C406,'Expedition Janvier'!R:R,0) -> #N/A
A407: 2018-01-05 | B407: 06304103 | C407: 8846304103878753 | D407: 40802123 | E407: ANOTIN AUTOMOBILES | F407: 4 ALLEE RAPAILLES | H407: 88000 | I407: EPINAL | J407: J | K407: NON DISTR | O407: =MATCH(C407,'Expedition Janvier'!R:R,0) -> #N/A
A408: 2018-01-05 | B408: 06304103 | C408: 9346304103878441 | D408: 40799664 | E408: NORAUTO | F408: NORAUTO NEUILLY SUR MARNE -22- | G408: BOULEVARD DU MARECHAL FOCH | H408: 93330 | I408: NEUILLY SUR MARNE | J408: J | K408: NON DISTR | O408: =MATCH(C408,'Expedition Janvier'!R:R,0) -> #N/A
A409: 2018-01-05 | B409: 06304103 | C409: 9346304103878730 | D409: 40802116 | E409: NORAUTO FRANCE | F409: RTE DES PETITS PONTS | H409: 93270 | I409: SEVRAN | J409: J | K409: NON DISTR | O409: =MATCH(C409,'Expedition Janvier'!R:R,0) -> #N/A
A410: 2018-01-05 | B410: 06304103 | C410: 9546304103878705 | D410: 40801494 | E410: NORAUTO | F410: NORAUTO ARGENTEUIL -144- | G410: ZAC DE LA FOSSE AUX LOUPS RN 1 | H410: 95100 | I410: ARGENTEUIL | J410: J | K410: NON DISTR | O410: =MATCH(C410,'Expedition Janvier'!R:R,0) -> #N/A
A411: 2018-01-05 | B411: 06392325 | C411: 0846392325098299 | D411: 460314 | E411: FRAIKIN CHARLEVILLE | F411: FRAIKIN CHARLEVILLE | G411: ROUTE DE VRIGNE MEUSE | H411: 08440 | I411: VIVIER AU COURT | J411: J | K411: EN COURS | O411: =MATCH(C411,'Expedition Janvier'!R:R,0) -> #N/A
A412: 2018-01-05 | B412: 06392325 | C412: 2646392325098456 | D412: 460414 | E412: SAVAL | F412: CONCESSION FORD | G412: AVENUE MAURICE RENE SIMONET | H412: 26000 | I412: VALENCE | J412: T | K412: NON DISTR | O412: =MATCH(C412,'Expedition Janvier'!R:R,0) -> #N/A
A413: 2018-01-05 | B413: 06392325 | C413: 2846392325098283 | D413: 460311 | E413: VAL DE LOIRE LEASE | F413: MASSOUTRE | G413: 1 ZAC DU GODEAU | H413: 28700 | I413: SAINVILLE | J413: J | K413: NON DISTR | O413: =MATCH(C413,'Expedition Janvier'!R:R,0) -> #N/A
A414: 2018-01-05 | B414: 06392325 | C414: 3846392325323333 | D414: 0040798372 | E414: UNITE DISTRIB LAURENT ECHIROLLES | F414: 12 RUE JEAN PIERRE TIMBAUD | H414: 38130 | I414: ECHIROLLES | J414: J | K414: NON DISTR | O414: =MATCH(C414,'Expedition Janvier'!R:R,0) -> #N/A
A415: 2018-01-05 | B415: 06392325 | C415: 5946392325098523 | D415: 460695 | E415: NORAUTO FRANCE | F415: NORAUTO SECLIN 279 | G415: RUE DE L INDUSTRIE-ZAC DE L EP | H415: 59113 | I415: SECLIN | J415: J | K415: NON DISTR | O415: =MATCH(C415,'Expedition Janvier'!R:R,0) -> #N/A
A416: 2018-01-05 | B416: 06392325 | C416: 5946392325098759 | D416: 461018 | E416: NORAUTO FRANCE | F416: NORAUTO FACHES THUMESNIL -118- | G416: RUE DE L EGALITE PROLONGEE CC | H416: 59155 | I416: FACHES THUMESNIL | J416: J | K416: NON DISTR | O416: =MATCH(C416,'Expedition Janvier'!R:R,0) -> #N/A
A417: 2018-01-05 | B417: 06392325 | C417: 5946392325098771 | D417: 461023 | E417: NORAUTO FRANCE | F417: NORAUTO LAMBERSART -228- | G417: ZONE LES CONQUERANTS FACE INTE | H417: 59130 | I417: LAMBERSART | J417: J | K417: NON DISTR | O417: =MATCH(C417,'Expedition Janvier'!R:R,0) -> #N/A
A418: 2018-01-05 | B418: 06392325 | C418: 5946392325098805 | D418: 461044 | E418: FRAIKIN VALENCIENNES PROUVY | F418: FRAIKIN VALENCIENNES PROUVY | G418: ZI NAO2 RUE DE MAUGRE | H418: 59121 | I418: PROUVY | J418: J | K418: NON DISTR | O418: =MATCH(C418,'Expedition Janvier'!R:R,0) -> #N/A
A419: 2018-01-05 | B419: 06392325 | C419: 5946392325099051 | D419: 461188 | E419: FRAIKIN LILLE LESQUIN | F419: 6 RUE DE LA CROIX BOUGARD | H419: 59814 | I419: LESQUIN CEDEX | J419: J | K419: NON DISTR | O419: =MATCH(C419,'Expedition Janvier'!R:R,0) -> #N/A
A420: 2018-01-05 | B420: 06392325 | C420: 9446392325098414 | D420: 460409 | E420: NORAUTO FRANCE | F420: NORAUTO CRETEIL -71- | G420: 1 RUE DE LA FONTAINE ST CHRIST | H420: 94000 | I420: CRETEIL | J420: J | K420: NON DISTR | O420: =MATCH(C420,'Expedition Janvier'!R:R,0) -> #N/A
A421: 2018-01-05 | B421: 06392325 | C421: 9446392325098564 | D421: 460710 | E421: FRAIKIN RUNGIS | F421: FRAIKIN RUNGIS | G421: 10 RUE DES ROUTIERS | H421: 94579 | I421: RUNGIS CEDEX 2 | J421: J | K421: NON DISTR | O421: =MATCH(C421,'Expedition Janvier'!R:R,0) -> #N/A
A422: 2018-01-05 | B422: 06392325 | C422: 9446392325098575 | D422: 460710 | E422: FRAIKIN RUNGIS | F422: FRAIKIN RUNGIS | G422: 10 RUE DES ROUTIERS | H422: 94579 | I422: RUNGIS CEDEX 2 | J422: J | K422: NON DISTR | O422: =MATCH(C422,'Expedition Janvier'!R:R,0) -> #N/A
A423: 2018-01-05 | B423: 06392325 | C423: 9446392325098587 | D423: 460710 | E423: FRAIKIN RUNGIS | F423: FRAIKIN RUNGIS | G423: 10 RUE DES ROUTIERS | H423: 94579 | I423: RUNGIS CEDEX 2 | J423: J | K423: NON DISTR | O423: =MATCH(C423,'Expedition Janvier'!R:R,0) -> #N/A
A424: 2018-01-05 | B424: 06392325 | C424: 9546392325098601 | D424: 460727 | E424: FRAIKIN HERBLAY | F424: FRAIKIN HERBLAY | G424: AVENUE PAUL LANGEVIN | H424: 95220 | I424: HERBLAY | J424: J | K424: NON DISTR | O424: =MATCH(C424,'Expedition Janvier'!R:R,0) -> #N/A
A425: 2018-01-05 | B425: 06392326 | C425: 0146392326776053 | D425: 461270 | E425: ALS | F425: 36 CHEMIN DE LA TEFY | H425: 01440 | I425: VIRIAT | J425: J | K425: NON DISTR | N425: livraison le 09/01 | O425: =MATCH(C425,'Expedition Janvier'!R:R,0) -> #N/A
A426: 2018-01-05 | B426: 06392326 | C426: 0246392326776303 | D426: 460892 | E426: MADMAE AURORE DUFRENOIS | F426: N PIECES AUTO | G426: 160 RUE CAMILLE DESMOULINS | H426: 02120 | I426: GUISE | J426: J | K426: NON CONNU | N426: non connu, non remis à TNT | O426: =MATCH(C426,'Expedition Janvier'!R:R,0) -> #N/A
A427: 2018-01-05 | B427: 06392326 | C427: 0346392326774133 | D427: 460493 | E427: LAURENT MOULINS | F427: 109 ROUTE DE LYON | H427: 03000 | I427: MOULINS | J427: J | K427: NON DISTR | O427: =MATCH(C427,'Expedition Janvier'!R:R,0) -> #N/A
A428: 2018-01-05 | B428: 06392326 | C428: 0646392326774832 | D428: 460768 | E428: FRAIKIN CARROS | F428: FRAIKIN CARROS | G428: ZI - 1ERE AVENUE - 18EME RUE | H428: 06517 | I428: CARROS CEDEX | J428: J | K428: NON DISTR | O428: =MATCH(C428,'Expedition Janvier'!R:R,0) -> #N/A
A429: 2018-01-05 | B429: 06392326 | C429: 0646392326775555 | D429: 461091 | E429: GARAGE DE LA ROYA | F429: 839 ROUTE DE LA GIANDOLA | H429: 06540 | I429: BREIL SUR ROYA | J429: J | K429: NON DISTR | O429: =MATCH(C429,'Expedition Janvier'!R:R,0) -> #N/A
A430: 2018-01-05 | B430: 06392326 | C430: 0946392326774114 | D430: 460487 | E430: AUTO SERVICES MURET | F430: VILLAGE AUTOMOBILE | G430: LES CANOUNGES | H430: 09100 | I430: PAMIERS | J430: J | K430: EN COURS | O430: =MATCH(C430,'Expedition Janvier'!R:R,0) -> #N/A
A431: 2018-01-05 | B431: 06392326 | C431: 1146392326776295 | D431: 461352 | E431: CHLOMA | F431: ROADY - 07809 - | G431: 9001 RUE ALFRED NABEL | H431: 11200 | I431: LEZIGNAN CORBIERES | J431: J | K431: NON CONNU | N431: non connu, non remis à TNT | O431: =MATCH(C431,'Expedition Janvier'!R:R,0) -> #N/A
...
